Workbook

Sheet Instructions
A11: Always check the RATES worksheet first and update fringe, health insurance,
A12: tuition, hourly pay rate, and indirect cost rate prior to creating the budget.
A14: Remember to only change what is in the yellow cells.

Sheet Rates
A1: CAS GRANTS FY27 - as of | B1: 44782
D2: Instructions:
A3: Item | B3: Rate/Cost | C3: Detail | E3: ENTER INFORMATION
A4: Faculty/Staff Fringe | B4: 0.3272
A5: Grad Student Fringe | B5: 0.004 | E5: Do NOT Enter Information
A6: Temporary Fringe | B6: 0.0806
A7: Grad/Ugrad Fringe N/Enroll | B7: 0.0806 | D7: The green spaces have formulas in them.
A8: Ugrad Fringe Enroll | B8: 0.004 | D8: Do not type in these spaces.
E11: Single | F11: With Child | G11: With Spouse
A12: Full Family Insurance | B12: 2046.51 | C12: Monthly / 9 month appt | E12: 758.08 | F12: 1285.28 | G12: 1572.05
A13: Full Family Insurance | B13: 1534.88 | C13: Monthly / 12 month appt | E13: 568.56 | F13: 963.96 | G13: 1179.04
B14: Per Semester | C14: Full-time (incl. health) | D14: Summer
A15: Tuition Yr 1 | B15: =F15*6 -> 3433.5 | C15: =F15*15+G19 -> 12583.75 | D15: =F15*3 -> 1716.75 | E15: 2026-2027 | F15: 572.25 | H15: ANNUAL TUITION INCREASE
A16: Tuition Yr 2 | B16: =B15*1.03 -> 3536.505 | C16: =C15+(C15*$H$16) -> 12961.263 | D16: =D15+(D15*$H$16) -> 1768.2525 | E16: 1 HOUR CREDIT | F16: 0 | H16: 0.03
A17: Tuition Yr 3 | B17: =B16*1.03 -> 3642.6002 | C17: =C16+(C16*$H$16) -> 13350.1 | D17: =D16+(D16*$H$16) -> 1821.3001 | E17: Number of Hours | F17: 1
A18: Tuition Yr 4 | B18: =B17*1.03 -> 3751.8782 | C18: =C17+(C17*$H$16) -> 13750.603 | D18: =D17+(D17*$H$16) -> 1875.9391
A19: Tuition Yr 5 | B19: =B18*1.03 -> 3864.4345 | C19: =C18+(C18*$H$16) -> 14163.121 | D19: =D18+(D18*$H$16) -> 1932.2172 | F19: GRA Health | G19: 4000 | H19: per acad yr
H20: ($0 in summer)
A22: Hourly - Minimum | B22: 15 | D22: Current IDC Rates
A23: Hours per week | B23: 20 | D23: ON CAMPUS | E23: Research | F23: 0.49 | G23: Columbia Campus
F24: 0.49 | G24: School of Medicine
A25: IDC Yr 1 | B25: 0.49 | F25: 0.38 | G25: Senior & Regional Campuses
A26: IDC Yr 2 | B26: 0.49 | D26: OFF CAMPUS | F26: 0.26 | G26: Entire USC System
A27: IDC Yr 3 | B27: 0.49
A28: IDC Yr 4 | B28: 0.49 | D28: ON CAMPUS | E28: Other Sponsored | F28: 0.36 | G28: Entire USC System
A29: IDC Yr 5 | B29: 0.49 | E29: Activities
A30: SUM PAGE | B30: 0.49
D31: ON CAMPUS | E31: Instruction | F31: 0.495 | G31: Entire USC System
D32: ON CAMPUS | E32: Industry Sponsored Clinical Trials* | F32: 25% TDC | G32: Entire USC System
D33: *The 25% rate applies to Total Direct Costs (TDC)

Sheet YR 1
A1: Please make sure that the fringe rates and the health insurance rates are correct before budget creation!
O2: Instructions:
G3: BUDGET PAGE | P3: ENTER INFORMATION
P5: Do NOT Enter Information
G6: YEAR 1
A7: ORGANIZATION | K7: Project Period (months) | O7: The green spaces have formulas in them.
D8: UNIVERSITY OF SOUTH CAROLINA | O8: Do not type in these spaces.
K9: Budget Year:
A10: PRINCIPAL INVESTIGATOR/PROJECT DIRECTOR | J10: From:
J11: To: | Q11: If annual salary turns red, the 2026 NIH Salary Cap has been exceeded
A12: A. SENIOR PERSONNEL: PI/PD, Co-PI's, Faculty and Other Senior Associates | I12: Agency Funded
A13: (List each separately with title) | I13: Person-mos. | K13: Funds Requested | P13: FEDERAL | Q13: ANNUAL
H14: CAL | I14: ACAD | J14: SUMR | P14: MONTHLY | Q14: SALARY | R14: APPOINTMENT
A15: 1 | D15: =D11 -> 0 | K15: =(IF(R15>9, (P15*H15),0)+IF(R15<=9, (P15*(I15+J15)),0)) -> 0 | N15: PI | O15: =D11 -> 0 | P15: =Q15/R15 -> 0 | R15: 9
A16: 2 | K16: =(IF(R16>9, (P16*H16),0)+IF(R16<=9, (P16*(I16+J16)),0)) -> 0 | N16: coPI | O16: =D16 -> 0 | P16: =Q16/R16 -> 0 | R16: 9
A17: 3 | K17: =(IF(R17>9, (P17*H17),0)+IF(R17<=9, (P17*(I17+J17)),0)) -> 0 | N17: coPI | O17: =D17 -> 0 | P17: =Q17/R17 -> 0 | R17: 9
A18: 4 | K18: =(IF(R18>9, (P18*H18),0)+IF(R18<=9, (P18*(I18+J18)),0)) -> 0 | N18: coPI | O18: =D18 -> 0 | P18: =Q18/R18 -> 0 | R18: 9
A19: 5 | K19: =(IF(R19>9, (P19*H19),0)+IF(R19<=9, (P19*(I19+J19)),0)) -> 0 | N19: coPI | O19: =D19 -> 0 | P19: =Q19/R19 -> 0 | R19: 9
A20: 6 | K20: =(IF(R20>9, (P20*H20),0)+IF(R20<=9, (P20*(I20+J20)),0)) -> 0 | N20: coPI | O20: =D20 -> 0 | P20: =Q20/R20 -> 0 | R20: 9
A21: 7 | K21: =(IF(R21>9, (P21*H21),0)+IF(R21<=9, (P21*(I21+J21)),0)) -> 0 | N21: coPI | O21: =D21 -> 0 | P21: =Q21/R21 -> 0 | R21: 9
A22: 8 | K22: =(IF(R22>9, (P22*H22),0)+IF(R22<=9, (P22*(I22+J22)),0)) -> 0 | N22: coPI | O22: =D22 -> 0 | P22: =Q22/R22 -> 0 | R22: 9
A23: 9 | K23: =(IF(R23>9, (P23*H23),0)+IF(R23<=9, (P23*(I23+J23)),0)) -> 0 | N23: coPI | O23: =D23 -> 0 | P23: =Q23/R23 -> 0 | R23: 9
A24: 10 | K24: =(IF(R24>9, (P24*H24),0)+IF(R24<=9, (P24*(I24+J24)),0)) -> 0 | N24: coPI | O24: =D24 -> 0 | P24: =Q24/R24 -> 0 | R24: 9
D25: POST DOC with benefit | K25: =((H25)*P25) -> 0 | O25: PostDocs W/Benefit | P25: =Q25/12 -> 0
D26: POST DOC with benefit | K26: =((H26)*P26) -> 0 | O26: PostDocs W/Benefit | P26: =Q26/12 -> 0
D27: POST DOC with benefit | K27: =((H27)*P27) -> 0 | O27: PostDocs W/Benefit | P27: =Q27/12 -> 0
D28: POST DOC with benefit | K28: =((H28)*P28) -> 0 | O28: PostDocs W/Benefit | P28: =Q28/12 -> 0
A29: 11 | C29: ) OTHERS (LIST INDIVIDUALLY ON BUDGET EXPLANATION PAGE) | K29: =P30*H29 -> 0 | O29: Grad Student | P29: =Q29/12 -> 0
A30: 12 | B30: ( | D30: ) TOTAL SENIOR PERSONNEL | H30: =SUM(H15:H29) -> 0 | I30: =SUM(I15:I29) -> 0 | J30: =SUM(J15:J29) -> 0 | K30: =SUM(K15:K29) -> 0 | O30: Other Professional 1 | P30: =Q30/12 -> 0
A31: B. | B31: OTHER PERSONNEL (SHOW NUMBERS IN BRACKETS) | O31: Other Professional 2 | P31: =Q31/12 -> 0
A32: 1. ( | C32: ) OTHER PROFESSIONAL 1 | K32: =(P30*H32)*B32 -> 0 | O32: Project Management | P32: =Q32/12 -> 0
A33: 2. ( | C33: ) OTHER PROFESSIONAL 2 | K33: =(P31*H33)*B33 -> 0
A34: 3. ( | C34: ) GRADUATE STUDENTS | F34: =Q29/12 -> 0 | G34: @ month | K34: =B34*F34*H34 -> 0
A35: 4. ( | C35: ) GRADUATE STUDENTS - NOT ENROLLED | F35: =Q29/12 -> 0 | G35: @ month | K35: =B35*F35*J35 -> 0
A36: 5. ( | C36: ) UNDERGRADUATE STUDENTS | I36: weeks | J36: 0 | K36: =B36*(Rates!B22*Rates!B23)*H36 -> 0 | P36: Fringe:
A37: 6. ( | C37: ) UNDERGRADUATE STUDENTS - SUMMER / NOT ENROLLED | I37: weeks | K37: =B37*(Rates!B22*Rates!B23)*H37 -> 0 | N37: PI | O37: =D11 -> 0 | P37: =IF(R15>9, (H15*Rates!B13+P15*H15*Rates!B4), ((I15*P15)*Rates!B4)+(I15*Rates!B12)+((J15*P15)*Rates!B4)) -> 0
A38: 7. ( | C38: ) PROJECT MANAGEMENT | I38: months | K38: =Q32/12*B38*H38 -> 0 | N38: coPI | O38: =D16 -> 0 | P38: =IF(R16>9, (H16*Rates!B13+P16*H16*Rates!B4), ((I16*P16)*Rates!B4)+(I16*Rates!B12)+((J16*P16)*Rates!B4)) -> 0
B39: TOTAL SALARIES AND WAGES (A+B) | K39: =SUM(K30:K38) -> 0 | N39: coPI | O39: =D17 -> 0 | P39: =IF(R17>9, (H17*Rates!B13+P17*H17*Rates!B4), ((I17*P17)*Rates!B4)+(I17*Rates!B12)+((J17*P17)*Rates!B4)) -> 0
A40: C. | B40: FRINGE BENEFITS (IF CHARGED AS DIRECT COSTS) | K40: =P58 -> 0 | N40: coPI | O40: =D18 -> 0 | P40: =IF(R18>9, (H18*Rates!B13+P18*H18*Rates!B4), ((I18*P18)*Rates!B4)+(I18*Rates!B12)+((J18*P18)*Rates!B4)) -> 0
B41: TOTAL SALARIES, WAGES AND FRINGE BENEFITS (A+B+C) | K41: =SUM(K39:K40) -> 0 | N41: coPI | O41: =D19 -> 0 | P41: =IF(R19>9, (H19*Rates!B13+P19*H19*Rates!B4), ((I19*P19)*Rates!B4)+(I19*Rates!B12)+((J19*P19)*Rates!B4)) -> 0
A42: D. | B42: PERMANENT EQUIPMENT (LIST ITEM AND DOLLAR AMOUNT FOR EACH ITEM.) | N42: coPI | O42: =D20 -> 0 | P42: =IF(R20>9, (H20*Rates!B13+P20*H20*Rates!B4), ((I20*P20)*Rates!B4)+(I20*Rates!B12)+((J20*P20)*Rates!B4)) -> 0
D43: Description | G43: amount | N43: coPI | O43: =D21 -> 0 | P43: =IF(R21>9, (H21*Rates!B13+P21*H21*Rates!B4), ((I21*P21)*Rates!B4)+(I21*Rates!B12)+((J21*P21)*Rates!B4)) -> 0
N44: coPI | O44: =D22 -> 0 | P44: =IF(R22>9, (H22*Rates!B13+P22*H22*Rates!B4), ((I22*P22)*Rates!B4)+(I22*Rates!B12)+((J22*P22)*Rates!B4)) -> 0
N45: coPI | O45: =D23 -> 0 | P45: =IF(R23>9, (H23*Rates!B13+P23*H23*Rates!B4), ((I23*P23)*Rates!B4)+(I23*Rates!B12)+((J23*P23)*Rates!B4)) -> 0
N46: coPI | O46: =D24 -> 0 | P46: =IF(R24>9, (H24*Rates!B13+P24*H24*Rates!B4), ((I24*P24)*Rates!B4)+(I24*Rates!B12)+((J24*P24)*Rates!B4)) -> 0
O47: =O25 -> PostDocs W/Benefit | P47: =(P25*H25)*Rates!B4+(H25*Rates!B13) -> 0 | Q47: =SUM(Q37:Q46) -> 0
B48: TOTAL PERMANENT EQUIPMENT | K48: =G44+G45+G46+G47 -> 0 | O48: =O26 -> PostDocs W/Benefit | P48: =(P26*H26)*Rates!B4+(H26*Rates!B13) -> 0
A49: E. | B49: TRAVEL | F49: 1. DOMESTIC | O49: =O27 -> PostDocs W/Benefit | P49: =(P27*H27)*Rates!B4+(H27*Rates!B13) -> 0
F50: 2. FOREIGN | O50: =O28 -> PostDocs W/Benefit | P50: =(P28*H28)*Rates!B4+(H28*Rates!B13) -> 0
O51: Grad Students | P51: =(K34*Rates!B5) -> 0
B52: TOTAL TRAVEL | K52: =SUM(K49:K50) -> 0 | O52: Grad Students (not enrolled) | P52: =(K35*Rates!B7) -> 0
A53: F. | B53: TRAINEE/PARTICIPANT COSTS | O53: Under Grads | P53: =(K36*Rates!B8) -> 0
B54: 1 | C54: STIPENDS (Itemize levels, types + totals on budget justification page) | O54: Under Grads (not enrolled) | P54: =(K37*Rates!B7) -> 0
B55: 2 | C55: TUITION & FEES | O55: Other Professional 1 | P55: =(K32*Rates!B4)+(H32*Rates!B13)*B32 -> 0
B56: 3 | C56: TRAINEE TRAVEL | O56: Other Professional 2 | P56: =(K33*Rates!B4)+(H33*Rates!B13)*B33 -> 0
B57: 4 | C57: OTHER (fully explain on justification page) | O57: Project Management | P57: =(K38*Rates!B4)+(H38*Rates!B13)*B38 -> 0
D58: TOTAL PARTICIPANTS | G58: TOTAL COST | K58: =SUM(K54:K57) -> 0 | O58: Total Fringe: | P58: =SUM(P37:P57) -> 0
A59: G. | B59: OTHER DIRECT COSTS
B60: 1 | C60: MATERIALS AND SUPPLIES
B61: 2 | C61: PARTICIPANT/RESEARCH SUBJECT INCENTIVES
B62: 3 | C62: PUBLICATION COSTS/DOCUMENTATION/DISSEMINATION
B63: 4 | C63: CONSULTANT SERVICES
B64: 5 | C64: CONTRACTUAL SERVICES
B65: 6 | C65: SUBCONTRACTS FIRST $25,000 | K65: =R69 -> 0 | O65: SUBCONTRACT | P65: Sub #1 | Q65: Sub #2 | R65: Totals
C66: OVER $25,000 | K66: =R70 -> 0 | O66: DIRECT COST | R66: =SUM(P66:Q66) -> 0
C67: TOTAL SUBCONTRACTS | K67: =K65+K66 -> 0 | O67: IDC | R67: =SUM(P67:Q67) -> 0
B68: 7 | C68: DATA MANAGEMENT AND SHARING COSTS (NIH) | O68: TOTAL | P68: =SUM(P66:P67) -> 0 | Q68: =SUM(Q66:Q67) -> 0 | R68: =SUM(R66:R67) -> 0
B69: 8 | C69: GRADUATE STUDENT TUITION AND HEALTH INSURANCE | K69: {=_xlfn.IFS(H34=0,0,H34<=4.5,((Rates!B15+(Rates!G19*0.5))*B34),H34>4.5,(Rates!C15*B34))} -> 0 | O69: sub's budget used for IDC calc | P69: =IF(P68<25000,P68,25000) -> 0 | Q69: =IF(Q68<25000,Q68,25000) -> 0 | R69: =SUM(P69:Q69) -> 0
C70: TOTAL OTHER DIRECT COSTS | K70: =SUM(K60+K61+K62+K63+K64+K65+K66+K68+K69) -> 0 | O70: Remaining | P70: =P68-P69 -> 0 | Q70: =Q68-Q69 -> 0 | R70: =SUM(P70:Q70) -> 0
A71: H. | B71: TOTAL DIRECT COSTS (A THROUGH G) | K71: =SUM(K70+K58+K52+K48+K41) -> 0
A72: I. | B72: INDIRECT COSTS (SPECIFY RATE AND BASE)
D73: =Rates!B25 -> 0.49 | F73: {=_xlfn.IFS(D73<0.26,K71,D73>=0.26,K71-K48-K58-K69-K66)} -> 0 | K73: =F73*Rates!B25 -> 0
B74: TOTAL INDIRECT COSTS | K74: =K73 -> 0
A75: J. | B75: TOTAL DIRECT AND INDIRECT COSTS (H+I) | K75: =K74+K71 -> 0
A76: K. | B76: AMOUNT OF ANY REQUIRED COST SHARING FROM NON-FEDERAL SOURCES
A77: L. | B77: TOTAL COST OF PROJECT (J+K) | K77: =K75-K76 -> 0
J80: YEAR 1 TOTAL DIRECT COST | K80: =SUM(K71-P67) -> 0
J81: (SUBTRACTING SUB IDC)

Sheet YR 2
A1: Please make sure that the fringe rates and the health insurance rates are correct before budget creation!
O2: Instructions:
G3: BUDGET PAGE | P3: ENTER INFORMATION
P5: Do NOT Enter Information
G6: YEAR 2
A7: ORGANIZATION | K7: Project Period (months) | O7: The green spaces have formulas in them.
D8: UNIVERSITY OF SOUTH CAROLINA | K8: ='YR 1'!K8 -> 0 | O8: Do not type in these spaces.
K9: Budget Year:
A10: PRINCIPAL INVESTIGATOR/PROJECT DIRECTOR | J10: From: | K10: ='YR 1'!K11+1 -> 1
D11: ='YR 1'!D11 -> 0 | J11: To: | K11: =TEXT(K10+364,"mm/dd/yy") -> 12/31/04 | Q11: If annual salary turns red, the 2026 NIH Salary Cap has been exceeded
A12: A. SENIOR PERSONNEL: PI/PD, Co-PI's, Faculty and Other Senior Associates | I12: Agency Funded
A13: (List each separately with title) | I13: Person-mos. | K13: Funds Requested | P13: FEDERAL | Q13: ANNUAL
H14: CAL | I14: ACAD | J14: SUMR | P14: MONTHLY | Q14: SALARY | R14: APPOINTMENT
A15: 1 | D15: =D11 -> 0 | K15: =(IF(R15>9, (P15*H15),0)+IF(R15<=9, (P15*(I15+J15)),0)) -> 0 | N15: PI | O15: =D11 -> 0 | P15: =Q15/R15 -> 0 | Q15: ='YR 1'!Q15*1.03 -> 0 | R15: ='YR 1'!R15 -> 9
A16: 2 | D16: ='YR 1'!D16 -> 0 | K16: =(IF(R16>9, (P16*H16),0)+IF(R16<=9, (P16*(I16+J16)),0)) -> 0 | N16: coPI | O16: =D16 -> 0 | P16: =Q16/R16 -> 0 | Q16: ='YR 1'!Q16*1.03 -> 0 | R16: ='YR 1'!R16 -> 9
A17: 3 | D17: ='YR 1'!D17 -> 0 | K17: =(IF(R17>9, (P17*H17),0)+IF(R17<=9, (P17*(I17+J17)),0)) -> 0 | N17: coPI | O17: =D17 -> 0 | P17: =Q17/R17 -> 0 | Q17: ='YR 1'!Q17*1.03 -> 0 | R17: ='YR 1'!R17 -> 9
A18: 4 | D18: ='YR 1'!D18 -> 0 | K18: =(IF(R18>9, (P18*H18),0)+IF(R18<=9, (P18*(I18+J18)),0)) -> 0 | N18: coPI | O18: =D18 -> 0 | P18: =Q18/R18 -> 0 | Q18: ='YR 1'!Q18*1.03 -> 0 | R18: ='YR 1'!R18 -> 9
A19: 5 | D19: ='YR 1'!D19 -> 0 | K19: =(IF(R19>9, (P19*H19),0)+IF(R19<=9, (P19*(I19+J19)),0)) -> 0 | N19: coPI | O19: =D19 -> 0 | P19: =Q19/R19 -> 0 | Q19: ='YR 1'!Q19*1.03 -> 0 | R19: ='YR 1'!R19 -> 9
A20: 6 | D20: ='YR 1'!D20 -> 0 | K20: =(IF(R20>9, (P20*H20),0)+IF(R20<=9, (P20*(I20+J20)),0)) -> 0 | N20: coPI | O20: =D20 -> 0 | P20: =Q20/R20 -> 0 | Q20: ='YR 1'!Q20*1.03 -> 0 | R20: ='YR 1'!R20 -> 9
A21: 7 | D21: ='YR 1'!D21 -> 0 | K21: =(IF(R21>9, (P21*H21),0)+IF(R21<=9, (P21*(I21+J21)),0)) -> 0 | N21: coPI | O21: =D21 -> 0 | P21: =Q21/R21 -> 0 | Q21: ='YR 1'!Q21*1.03 -> 0 | R21: ='YR 1'!R21 -> 9
A22: 8 | D22: ='YR 1'!D22 -> 0 | K22: =(IF(R22>9, (P22*H22),0)+IF(R22<=9, (P22*(I22+J22)),0)) -> 0 | N22: coPI | O22: =D22 -> 0 | P22: =Q22/R22 -> 0 | Q22: ='YR 1'!Q22*1.03 -> 0 | R22: ='YR 1'!R22 -> 9
A23: 9 | D23: ='YR 1'!D23 -> 0 | K23: =(IF(R23>9, (P23*H23),0)+IF(R23<=9, (P23*(I23+J23)),0)) -> 0 | N23: coPI | O23: =D23 -> 0 | P23: =Q23/R23 -> 0 | Q23: ='YR 1'!Q23*1.03 -> 0 | R23: ='YR 1'!R23 -> 9
A24: 10 | D24: ='YR 1'!D24 -> 0 | K24: =(IF(R24>9, (P24*H24),0)+IF(R24<=9, (P24*(I24+J24)),0)) -> 0 | N24: coPI | O24: =D24 -> 0 | P24: =Q24/R24 -> 0 | Q24: ='YR 1'!Q24*1.03 -> 0 | R24: ='YR 1'!R24 -> 9
D25: POST DOC with benefit | K25: =((H25)*P25) -> 0 | O25: PostDocs W/Benefit | P25: =Q25/12 -> 0 | Q25: ='YR 1'!Q25*1.03 -> 0
D26: POST DOC with benefit | K26: =((H26)*P26) -> 0 | O26: PostDocs W/Benefit | P26: =Q26/12 -> 0 | Q26: ='YR 1'!Q26*1.03 -> 0
D27: POST DOC with benefit | K27: =((H27)*P27) -> 0 | O27: PostDocs W/Benefit | P27: =Q27/12 -> 0 | Q27: ='YR 1'!Q27*1.03 -> 0
D28: POST DOC with benefit | K28: =((H28)*P28) -> 0 | O28: PostDocs W/Benefit | P28: =Q28/12 -> 0 | Q28: ='YR 1'!Q28*1.03 -> 0
A29: 11 | C29: ) OTHERS (LIST INDIVIDUALLY ON BUDGET EXPLANATION PAGE) | K29: =P30*H29 -> 0 | O29: Grad Student | P29: =Q29/12 -> 0 | Q29: ='YR 1'!Q29 -> 0
A30: 12 | B30: ( | D30: ) TOTAL SENIOR PERSONNEL | H30: =SUM(H15:H29) -> 0 | I30: =SUM(I15:I29) -> 0 | J30: =SUM(J15:J29) -> 0 | K30: =SUM(K15:K29) -> 0 | O30: Other Professional 1 | P30: =Q30/12 -> 0 | Q30: ='YR 1'!Q30*1.03 -> 0
A31: B. | B31: OTHER PERSONNEL (SHOW NUMBERS IN BRACKETS) | O31: Other Professional 2 | P31: =Q31/12 -> 0 | Q31: ='YR 1'!Q31*1.03 -> 0
A32: 1. ( | C32: ) OTHER PROFESSIONAL 1 | K32: =(P30*H32)*B32 -> 0 | O32: Project Management | P32: =Q32/12 -> 0 | Q32: ='YR 1'!Q32*1.03 -> 0
A33: 2. ( | C33: ) OTHER PROFESSIONAL 2 | K33: =(P31*H33)*B33 -> 0
A34: 3. ( | C34: ) GRADUATE STUDENTS | F34: =Q29/12 -> 0 | G34: @ month | K34: =B34*F34*H34 -> 0
A35: 4. ( | C35: ) GRADUATE STUDENTS - NOT ENROLLED | F35: =Q29/12 -> 0 | G35: @ month | K35: =B35*F35*J35 -> 0
A36: 5. ( | C36: ) UNDERGRADUATE STUDENTS | I36: weeks | J36: 0 | K36: =B36*(Rates!B22*Rates!B23)*H36 -> 0 | P36: Fringe:
A37: 6. ( | C37: ) UNDERGRADUATE STUDENTS - SUMMER / NOT ENROLLED | I37: weeks | K37: =B37*(Rates!B22*Rates!B23)*H37 -> 0 | N37: PI | O37: =D11 -> 0 | P37: =IF(R15>9, (H15*Rates!B13+P15*H15*Rates!B4), ((I15*P15)*Rates!B4)+(I15*Rates!B12)+((J15*P15)*Rates!B4)) -> 0
A38: 7. ( | C38: ) PROJECT MANAGEMENT | I38: months | K38: =Q32/12*B38*H38 -> 0 | N38: coPI | O38: =D16 -> 0 | P38: =IF(R16>9, (H16*Rates!B13+P16*H16*Rates!B4), ((I16*P16)*Rates!B4)+(I16*Rates!B12)+((J16*P16)*Rates!B4)) -> 0
B39: TOTAL SALARIES AND WAGES (A+B) | K39: =SUM(K30:K38) -> 0 | N39: coPI | O39: =D17 -> 0 | P39: =IF(R17>9, (H17*Rates!B13+P17*H17*Rates!B4), ((I17*P17)*Rates!B4)+(I17*Rates!B12)+((J17*P17)*Rates!B4)) -> 0
A40: C. | B40: FRINGE BENEFITS (IF CHARGED AS DIRECT COSTS) | K40: =P58 -> 0 | N40: coPI | O40: =D18 -> 0 | P40: =IF(R18>9, (H18*Rates!B13+P18*H18*Rates!B4), ((I18*P18)*Rates!B4)+(I18*Rates!B12)+((J18*P18)*Rates!B4)) -> 0
B41: TOTAL SALARIES, WAGES AND FRINGE BENEFITS (A+B+C) | K41: =SUM(K39:K40) -> 0 | N41: coPI | O41: =D19 -> 0 | P41: =IF(R19>9, (H19*Rates!B13+P19*H19*Rates!B4), ((I19*P19)*Rates!B4)+(I19*Rates!B12)+((J19*P19)*Rates!B4)) -> 0
A42: D. | B42: PERMANENT EQUIPMENT (LIST ITEM AND DOLLAR AMOUNT FOR EACH ITEM.) | N42: coPI | O42: =D20 -> 0 | P42: =IF(R20>9, (H20*Rates!B13+P20*H20*Rates!B4), ((I20*P20)*Rates!B4)+(I20*Rates!B12)+((J20*P20)*Rates!B4)) -> 0
D43: Description | G43: amount | N43: coPI | O43: =D21 -> 0 | P43: =IF(R21>9, (H21*Rates!B13+P21*H21*Rates!B4), ((I21*P21)*Rates!B4)+(I21*Rates!B12)+((J21*P21)*Rates!B4)) -> 0
N44: coPI | O44: =D22 -> 0 | P44: =IF(R22>9, (H22*Rates!B13+P22*H22*Rates!B4), ((I22*P22)*Rates!B4)+(I22*Rates!B12)+((J22*P22)*Rates!B4)) -> 0
N45: coPI | O45: =D23 -> 0 | P45: =IF(R23>9, (H23*Rates!B13+P23*H23*Rates!B4), ((I23*P23)*Rates!B4)+(I23*Rates!B12)+((J23*P23)*Rates!B4)) -> 0
N46: coPI | O46: =D24 -> 0 | P46: =IF(R24>9, (H24*Rates!B13+P24*H24*Rates!B4), ((I24*P24)*Rates!B4)+(I24*Rates!B12)+((J24*P24)*Rates!B4)) -> 0
O47: =O25 -> PostDocs W/Benefit | P47: =(P25*H25)*Rates!B4+(H25*Rates!B13) -> 0 | Q47: =SUM(Q37:Q46) -> 0
B48: TOTAL PERMANENT EQUIPMENT | K48: =G44+G45+G46+G47 -> 0 | O48: =O26 -> PostDocs W/Benefit | P48: =(P26*H26)*Rates!B4+(H26*Rates!B13) -> 0
A49: E. | B49: TRAVEL | F49: 1. DOMESTIC | O49: =O27 -> PostDocs W/Benefit | P49: =(P27*H27)*Rates!B4+(H27*Rates!B13) -> 0
F50: 2. FOREIGN | O50: =O28 -> PostDocs W/Benefit | P50: =(P28*H28)*Rates!B4+(H28*Rates!B13) -> 0
O51: Grad Students | P51: =(K34*Rates!B5) -> 0
B52: TOTAL TRAVEL | K52: =SUM(K49:K50) -> 0 | O52: Grad Students (not enrolled) | P52: =(K35*Rates!B7) -> 0
A53: F. | B53: TRAINEE/PARTICIPANT COSTS | O53: Under Grads | P53: =(K36*Rates!B8) -> 0
B54: 1 | C54: STIPENDS (Itemize levels, types + totals on budget justification page) | O54: Under Grads (not enrolled) | P54: =(K37*Rates!B7) -> 0
B55: 2 | C55: TUITION & FEES | O55: Other Professional 1 | P55: =(K32*Rates!B4)+(H32*Rates!B13)*B32 -> 0
B56: 3 | C56: TRAINEE TRAVEL | O56: Other Professional 2 | P56: =(K33*Rates!B4)+(H33*Rates!B13)*B33 -> 0
B57: 4 | C57: OTHER (fully explain on justification page) | O57: Project Management | P57: =(K38*Rates!B4)+(H38*Rates!B13)*B38 -> 0
D58: TOTAL PARTICIPANTS | E58: 0 | G58: TOTAL COST | K58: =SUM(K54:K57) -> 0 | O58: Total Fringe: | P58: =SUM(P37:P57) -> 0
A59: G. | B59: OTHER DIRECT COSTS
B60: 1 | C60: MATERIALS AND SUPPLIES
B61: 2 | C61: PARTICIPANT/RESEARCH SUBJECT INCENTIVES
B62: 3 | C62: PUBLICATION COSTS/DOCUMENTATION/DISSEMINATION
B63: 4 | C63: CONSULTANT SERVICES
B64: 5 | C64: CONTRACTUAL SERVICES
B65: 6 | C65: SUBCONTRACTS FIRST $25,000 | K65: =R69 -> 0 | O65: SUBCONTRACT | P65: Sub #1 | Q65: Sub #2 | R65: Totals
C66: OVER $25,000 | K66: =R70 -> 0 | O66: DIRECT COST | R66: =SUM(P66:Q66) -> 0
C67: TOTAL SUBCONTRACTS | K67: =K65+K66 -> 0 | O67: IDC | R67: =SUM(P67:Q67) -> 0
B68: 7 | C68: DATA MANAGEMENT AND SHARING COSTS (NIH) | O68: TOTAL | P68: =SUM(P66:P67) -> 0 | Q68: =SUM(Q66:Q67) -> 0 | R68: =SUM(R66:R67) -> 0
B69: 8 | C69: GRADUATE STUDENT TUITION AND HEALTH INSURANCE | K69: {=_xlfn.IFS(H34=0,0,H34<=4.5,((Rates!B16+(Rates!G19*0.5))*B34),H34>4.5,(Rates!C16*B34))} -> 0 | O69: sub's budget used for IDC calc | P69: =IF(AND('YR 1'!P69<24999,'YR 1'!P69+'YR 2'!P68<24999),P68,25000-'YR 1'!P69) -> 0 | Q69: =IF(AND('YR 1'!Q69<24999,'YR 1'!Q69+'YR 2'!Q68<24999),Q68,25000-'YR 1'!Q69) -> 0 | R69: =SUM(P69:Q69) -> 0
C70: TOTAL OTHER DIRECT COSTS | K70: =SUM(K60+K61+K62+K63+K64+K65+K66+K68+K69) -> 0 | O70: Remaining | P70: =P68-P69 -> 0 | Q70: =Q68-Q69 -> 0 | R70: =SUM(P70:Q70) -> 0
A71: H. | B71: TOTAL DIRECT COSTS (A THROUGH G) | K71: =SUM(K70+K58+K52+K48+K41) -> 0
A72: I. | B72: INDIRECT COSTS (SPECIFY RATE AND BASE)
D73: =Rates!B26 -> 0.49 | F73: {=_xlfn.IFS(D73<0.26,K71,D73>=0.26,K71-K48-K58-K69-K66)} -> 0 | K73: =F73*Rates!B25 -> 0
B74: TOTAL INDIRECT COSTS | K74: =K73 -> 0
A75: J. | B75: TOTAL DIRECT AND INDIRECT COSTS (H+I) | K75: =K74+K71 -> 0
A76: K. | B76: AMOUNT OF ANY REQUIRED COST SHARING FROM NON-FEDERAL SOURCES
A77: L. | B77: TOTAL COST OF PROJECT (J+K) | K77: =K75-K76 -> 0
J80: YEAR 2 TOTAL DIRECT COST | K80: =SUM(K71-P67) -> 0
J81: (SUBTRACTING SUB IDC)

Sheet YR 3
A1: Please make sure that the fringe rates and the health insurance rates are correct before budget creation!
O2: Instructions:
G3: BUDGET PAGE | P3: ENTER INFORMATION
P5: Do NOT Enter Information
G6: YEAR 3
A7: ORGANIZATION | K7: Project Period (months) | O7: The green spaces have formulas in them.
D8: UNIVERSITY OF SOUTH CAROLINA | K8: ='YR 1'!K8 -> 0 | O8: Do not type in these spaces.
K9: Budget Year:
A10: PRINCIPAL INVESTIGATOR/PROJECT DIRECTOR | J10: From: | K10: ='YR 2'!K11+1 -> 36891
D11: ='YR 1'!D11 -> 0 | J11: To: | K11: =TEXT(K10+364,"mm/dd/yy") -> 12/31/05 | Q11: If annual salary turns red, the 2026 NIH Salary Cap has been exceeded
A12: A. SENIOR PERSONNEL: PI/PD, Co-PI's, Faculty and Other Senior Associates | I12: Agency Funded
A13: (List each separately with title) | I13: Person-mos. | K13: Funds Requested | P13: FEDERAL | Q13: ANNUAL
H14: CAL | I14: ACAD | J14: SUMR | P14: MONTHLY | Q14: SALARY | R14: APPOINTMENT
A15: 1 | D15: =D11 -> 0 | K15: =(IF(R15>9, (P15*H15),0)+IF(R15<=9, (P15*(I15+J15)),0)) -> 0 | N15: PI | O15: =D11 -> 0 | P15: =Q15/R15 -> 0 | Q15: ='YR 2'!Q15*1.03 -> 0 | R15: ='YR 1'!R15 -> 9
A16: 2 | D16: ='YR 1'!D16 -> 0 | K16: =(IF(R16>9, (P16*H16),0)+IF(R16<=9, (P16*(I16+J16)),0)) -> 0 | N16: coPI | O16: =D16 -> 0 | P16: =Q16/R16 -> 0 | Q16: ='YR 2'!Q16*1.03 -> 0 | R16: ='YR 1'!R16 -> 9
A17: 3 | D17: ='YR 1'!D17 -> 0 | K17: =(IF(R17>9, (P17*H17),0)+IF(R17<=9, (P17*(I17+J17)),0)) -> 0 | N17: coPI | O17: =D17 -> 0 | P17: =Q17/R17 -> 0 | Q17: ='YR 2'!Q17*1.03 -> 0 | R17: ='YR 1'!R17 -> 9
A18: 4 | D18: ='YR 1'!D18 -> 0 | K18: =(IF(R18>9, (P18*H18),0)+IF(R18<=9, (P18*(I18+J18)),0)) -> 0 | N18: coPI | O18: =D18 -> 0 | P18: =Q18/R18 -> 0 | Q18: ='YR 2'!Q18*1.03 -> 0 | R18: ='YR 1'!R18 -> 9
A19: 5 | D19: ='YR 1'!D19 -> 0 | K19: =(IF(R19>9, (P19*H19),0)+IF(R19<=9, (P19*(I19+J19)),0)) -> 0 | N19: coPI | O19: =D19 -> 0 | P19: =Q19/R19 -> 0 | Q19: ='YR 2'!Q19*1.03 -> 0 | R19: ='YR 1'!R19 -> 9
A20: 6 | D20: ='YR 1'!D20 -> 0 | K20: =(IF(R20>9, (P20*H20),0)+IF(R20<=9, (P20*(I20+J20)),0)) -> 0 | N20: coPI | O20: =D20 -> 0 | P20: =Q20/R20 -> 0 | Q20: ='YR 2'!Q20*1.03 -> 0 | R20: ='YR 1'!R20 -> 9
A21: 7 | D21: ='YR 1'!D21 -> 0 | K21: =(IF(R21>9, (P21*H21),0)+IF(R21<=9, (P21*(I21+J21)),0)) -> 0 | N21: coPI | O21: =D21 -> 0 | P21: =Q21/R21 -> 0 | Q21: ='YR 2'!Q21*1.03 -> 0 | R21: ='YR 1'!R21 -> 9
A22: 8 | D22: ='YR 1'!D22 -> 0 | K22: =(IF(R22>9, (P22*H22),0)+IF(R22<=9, (P22*(I22+J22)),0)) -> 0 | N22: coPI | O22: =D22 -> 0 | P22: =Q22/R22 -> 0 | Q22: ='YR 2'!Q22*1.03 -> 0 | R22: ='YR 1'!R22 -> 9
A23: 9 | D23: ='YR 1'!D23 -> 0 | K23: =(IF(R23>9, (P23*H23),0)+IF(R23<=9, (P23*(I23+J23)),0)) -> 0 | N23: coPI | O23: =D23 -> 0 | P23: =Q23/R23 -> 0 | Q23: ='YR 2'!Q23*1.03 -> 0 | R23: ='YR 1'!R23 -> 9
A24: 10 | D24: ='YR 1'!D24 -> 0 | K24: =(IF(R24>9, (P24*H24),0)+IF(R24<=9, (P24*(I24+J24)),0)) -> 0 | N24: coPI | O24: =D24 -> 0 | P24: =Q24/R24 -> 0 | Q24: ='YR 2'!Q24*1.03 -> 0 | R24: ='YR 1'!R24 -> 9
D25: POST DOC with benefit | K25: =((H25)*P25) -> 0 | O25: PostDocs W/Benefit | P25: =Q25/12 -> 0 | Q25: ='YR 2'!Q25*1.03 -> 0
D26: POST DOC with benefit | K26: =((H26)*P26) -> 0 | O26: PostDocs W/Benefit | P26: =Q26/12 -> 0 | Q26: ='YR 2'!Q26*1.03 -> 0
D27: POST DOC with benefit | K27: =((H27)*P27) -> 0 | O27: PostDocs W/Benefit | P27: =Q27/12 -> 0 | Q27: ='YR 2'!Q27*1.03 -> 0
D28: POST DOC with benefit | K28: =((H28)*P28) -> 0 | O28: PostDocs W/Benefit | P28: =Q28/12 -> 0 | Q28: ='YR 2'!Q28*1.03 -> 0
A29: 11 | C29: ) OTHERS (LIST INDIVIDUALLY ON BUDGET EXPLANATION PAGE) | K29: =P30*H29 -> 0 | O29: Grad Student | P29: =Q29/12 -> 0 | Q29: ='YR 1'!Q29 -> 0
A30: 12 | B30: ( | D30: ) TOTAL SENIOR PERSONNEL | H30: =SUM(H15:H29) -> 0 | I30: =SUM(I15:I29) -> 0 | J30: =SUM(J15:J29) -> 0 | K30: =SUM(K15:K29) -> 0 | O30: Other Professional 1 | P30: =Q30/12 -> 0 | Q30: ='YR 2'!Q30*1.03 -> 0
A31: B. | B31: OTHER PERSONNEL (SHOW NUMBERS IN BRACKETS) | O31: Other Professional 2 | P31: =Q31/12 -> 0 | Q31: ='YR 2'!Q31*1.03 -> 0
A32: 1. ( | C32: ) OTHER PROFESSIONAL 1 | K32: =(P30*H32)*B32 -> 0 | O32: Project Management | P32: =Q32/12 -> 0 | Q32: ='YR 2'!Q32*1.03 -> 0
A33: 2. ( | C33: ) OTHER PROFESSIONAL 2 | K33: =(P31*H33)*B33 -> 0
A34: 3. ( | C34: ) GRADUATE STUDENTS | F34: =Q29/12 -> 0 | G34: @ month | K34: =B34*F34*H34 -> 0
A35: 4. ( | C35: ) GRADUATE STUDENTS - NOT ENROLLED | F35: =Q29/12 -> 0 | G35: @ month | K35: =B35*F35*J35 -> 0
A36: 5. ( | C36: ) UNDERGRADUATE STUDENTS | I36: weeks | J36: 0 | K36: =B36*(Rates!B22*Rates!B23)*H36 -> 0 | P36: Fringe:
A37: 6. ( | C37: ) UNDERGRADUATE STUDENTS - SUMMER / NOT ENROLLED | I37: weeks | K37: =B37*(Rates!B22*Rates!B23)*H37 -> 0 | N37: PI | O37: =D11 -> 0 | P37: =IF(R15>9, (H15*Rates!B13+P15*H15*Rates!B4), ((I15*P15)*Rates!B4)+(I15*Rates!B12)+((J15*P15)*Rates!B4)) -> 0
A38: 7. ( | C38: ) PROJECT MANAGEMENT | I38: months | K38: =Q32/12*B38*H38 -> 0 | N38: coPI | O38: =D16 -> 0 | P38: =IF(R16>9, (H16*Rates!B13+P16*H16*Rates!B4), ((I16*P16)*Rates!B4)+(I16*Rates!B12)+((J16*P16)*Rates!B4)) -> 0
B39: TOTAL SALARIES AND WAGES (A+B) | K39: =SUM(K30:K38) -> 0 | N39: coPI | O39: =D17 -> 0 | P39: =IF(R17>9, (H17*Rates!B13+P17*H17*Rates!B4), ((I17*P17)*Rates!B4)+(I17*Rates!B12)+((J17*P17)*Rates!B4)) -> 0
A40: C. | B40: FRINGE BENEFITS (IF CHARGED AS DIRECT COSTS) | K40: =P58 -> 0 | N40: coPI | O40: =D18 -> 0 | P40: =IF(R18>9, (H18*Rates!B13+P18*H18*Rates!B4), ((I18*P18)*Rates!B4)+(I18*Rates!B12)+((J18*P18)*Rates!B4)) -> 0
B41: TOTAL SALARIES, WAGES AND FRINGE BENEFITS (A+B+C) | K41: =SUM(K39:K40) -> 0 | N41: coPI | O41: =D19 -> 0 | P41: =IF(R19>9, (H19*Rates!B13+P19*H19*Rates!B4), ((I19*P19)*Rates!B4)+(I19*Rates!B12)+((J19*P19)*Rates!B4)) -> 0
A42: D. | B42: PERMANENT EQUIPMENT (LIST ITEM AND DOLLAR AMOUNT FOR EACH ITEM.) | N42: coPI | O42: =D20 -> 0 | P42: =IF(R20>9, (H20*Rates!B13+P20*H20*Rates!B4), ((I20*P20)*Rates!B4)+(I20*Rates!B12)+((J20*P20)*Rates!B4)) -> 0
D43: Description | G43: amount | N43: coPI | O43: =D21 -> 0 | P43: =IF(R21>9, (H21*Rates!B13+P21*H21*Rates!B4), ((I21*P21)*Rates!B4)+(I21*Rates!B12)+((J21*P21)*Rates!B4)) -> 0
N44: coPI | O44: =D22 -> 0 | P44: =IF(R22>9, (H22*Rates!B13+P22*H22*Rates!B4), ((I22*P22)*Rates!B4)+(I22*Rates!B12)+((J22*P22)*Rates!B4)) -> 0
N45: coPI | O45: =D23 -> 0 | P45: =IF(R23>9, (H23*Rates!B13+P23*H23*Rates!B4), ((I23*P23)*Rates!B4)+(I23*Rates!B12)+((J23*P23)*Rates!B4)) -> 0
N46: coPI | O46: =D24 -> 0 | P46: =IF(R24>9, (H24*Rates!B13+P24*H24*Rates!B4), ((I24*P24)*Rates!B4)+(I24*Rates!B12)+((J24*P24)*Rates!B4)) -> 0
O47: =O25 -> PostDocs W/Benefit | P47: =(P25*H25)*Rates!B4+(H25*Rates!B13) -> 0 | Q47: =SUM(Q37:Q46) -> 0
B48: TOTAL PERMANENT EQUIPMENT | K48: =G44+G45+G46+G47 -> 0 | O48: =O26 -> PostDocs W/Benefit | P48: =(P26*H26)*Rates!B4+(H26*Rates!B13) -> 0
A49: E. | B49: TRAVEL | F49: 1. DOMESTIC | O49: =O27 -> PostDocs W/Benefit | P49: =(P27*H27)*Rates!B4+(H27*Rates!B13) -> 0
F50: 2. FOREIGN | O50: =O28 -> PostDocs W/Benefit | P50: =(P28*H28)*Rates!B4+(H28*Rates!B13) -> 0
O51: Grad Students | P51: =(K34*Rates!B5) -> 0
B52: TOTAL TRAVEL | K52: =SUM(K49:K50) -> 0 | O52: Grad Students (not enrolled) | P52: =(K35*Rates!B7) -> 0
A53: F. | B53: TRAINEE/PARTICIPANT COSTS | O53: Under Grads | P53: =(K36*Rates!B8) -> 0
B54: 1 | C54: STIPENDS (Itemize levels, types + totals on budget justification page) | O54: Under Grads (not enrolled) | P54: =(K37*Rates!B7) -> 0
B55: 2 | C55: TUITION & FEES | O55: Other Professional 1 | P55: =(K32*Rates!B4)+(H32*Rates!B13)*B32 -> 0
B56: 3 | C56: TRAINEE TRAVEL | O56: Other Professional 2 | P56: =(K33*Rates!B4)+(H33*Rates!B13)*B33 -> 0
B57: 4 | C57: OTHER (fully explain on justification page) | O57: Project Management | P57: =(K38*Rates!B4)+(H38*Rates!B13)*B38 -> 0
D58: TOTAL PARTICIPANTS | E58: 0 | G58: TOTAL COST | K58: =SUM(K54:K57) -> 0 | O58: Total Fringe: | P58: =SUM(P37:P57) -> 0
A59: G. | B59: OTHER DIRECT COSTS
B60: 1 | C60: MATERIALS AND SUPPLIES
B61: 2 | C61: PARTICIPANT/RESEARCH SUBJECT INCENTIVES
B62: 3 | C62: PUBLICATION COSTS/DOCUMENTATION/DISSEMINATION
B63: 4 | C63: CONSULTANT SERVICES
B64: 5 | C64: CONTRACTUAL SERVICES
B65: 6 | C65: SUBCONTRACTS FIRST $25,000 | K65: =R69 -> 0 | O65: SUBCONTRACT | P65: Sub #1 | Q65: Sub #2 | R65: Totals
C66: OVER $25,000 | K66: =R70 -> 0 | O66: DIRECT COST | R66: =SUM(P66:Q66) -> 0
C67: TOTAL SUBCONTRACTS | K67: =K65+K66 -> 0 | O67: IDC | R67: =SUM(P67:Q67) -> 0
B68: 7 | C68: DATA MANAGEMENT AND SHARING COSTS (NIH) | O68: TOTAL | P68: =SUM(P66:P67) -> 0 | Q68: =SUM(Q66:Q67) -> 0 | R68: =SUM(R66:R67) -> 0
B69: 8 | C69: GRADUATE STUDENT TUITION AND HEALTH INSURANCE | K69: {=_xlfn.IFS(H34=0,0,H34<=4.5,((Rates!B17+(Rates!G19*0.5))*B34),H34>4.5,(Rates!C17*B34))} -> 0 | O69: sub's budget used for IDC calc | P69: =IF(AND('YR 1'!P69+'YR 2'!P68<24999,'YR 1'!P69+'YR 2'!P69+'YR 3'!P68<24999),P68,25000-'YR 1'!P69-'YR 2'!P69) -> 0 | Q69: =IF(AND('YR 1'!Q69+'YR 2'!Q68<24999,'YR 1'!Q69+'YR 2'!Q69+'YR 3'!Q68<24999),Q68,25000-'YR 1'!Q69-'YR 2'!Q69) -> 0 | R69: =SUM(P69:Q69) -> 0
C70: TOTAL OTHER DIRECT COSTS | K70: =SUM(K60+K61+K62+K63+K64+K65+K66+K68+K69) -> 0 | O70: Remaining | P70: =P68-P69 -> 0 | Q70: =Q68-Q69 -> 0 | R70: =SUM(P70:Q70) -> 0
A71: H. | B71: TOTAL DIRECT COSTS (A THROUGH G) | K71: =SUM(K70+K58+K52+K48+K41) -> 0
A72: I. | B72: INDIRECT COSTS (SPECIFY RATE AND BASE)
D73: =Rates!B27 -> 0.49 | F73: {=_xlfn.IFS(D73<0.26,K71,D73>=0.26,K71-K48-K58-K69-K66)} -> 0 | K73: =F73*Rates!B25 -> 0
B74: TOTAL INDIRECT COSTS | K74: =K73 -> 0
A75: J. | B75: TOTAL DIRECT AND INDIRECT COSTS (H+I) | K75: =K74+K71 -> 0
A76: K. | B76: AMOUNT OF ANY REQUIRED COST SHARING FROM NON-FEDERAL SOURCES
A77: L. | B77: TOTAL COST OF PROJECT (J+K) | K77: =K75-K76 -> 0
J80: YEAR 3 TOTAL DIRECT COST | K80: =SUM(K71-P67) -> 0
J81: (SUBTRACTING SUB IDC)

Sheet YR 4
A1: Please make sure that the fringe rates and the health insurance rates are correct before budget creation!
O2: Instructions:
G3: BUDGET PAGE | P3: ENTER INFORMATION
P5: Do NOT Enter Information
G6: YEAR 4
A7: ORGANIZATION | K7: Project Period (months) | O7: The green spaces have formulas in them.
D8: UNIVERSITY OF SOUTH CAROLINA | K8: ='YR 1'!K8 -> 0 | O8: Do not type in these spaces.
K9: Budget Year:
A10: PRINCIPAL INVESTIGATOR/PROJECT DIRECTOR | J10: From: | K10: ='YR 3'!K11+1 -> 37256
D11: ='YR 1'!D11 -> 0 | J11: To: | K11: =TEXT(K10+364,"mm/dd/yy") -> 12/31/06 | Q11: If annual salary turns red, the 2026 NIH Salary Cap has been exceeded
A12: A. SENIOR PERSONNEL: PI/PD, Co-PI's, Faculty and Other Senior Associates | I12: Agency Funded
A13: (List each separately with title) | I13: Person-mos. | K13: Funds Requested | P13: FEDERAL | Q13: ANNUAL
H14: CAL | I14: ACAD | J14: SUMR | P14: MONTHLY | Q14: SALARY | R14: APPOINTMENT
A15: 1 | D15: =D11 -> 0 | K15: =(IF(R15>9, (P15*H15),0)+IF(R15<=9, (P15*(I15+J15)),0)) -> 0 | N15: PI | O15: =D11 -> 0 | P15: =Q15/R15 -> 0 | Q15: ='YR 3'!Q15*1.03 -> 0 | R15: ='YR 1'!R15 -> 9
A16: 2 | D16: ='YR 1'!D16 -> 0 | K16: =(IF(R16>9, (P16*H16),0)+IF(R16<=9, (P16*(I16+J16)),0)) -> 0 | N16: coPI | O16: =D16 -> 0 | P16: =Q16/R16 -> 0 | Q16: ='YR 3'!Q16*1.03 -> 0 | R16: ='YR 1'!R16 -> 9
A17: 3 | D17: ='YR 1'!D17 -> 0 | K17: =(IF(R17>9, (P17*H17),0)+IF(R17<=9, (P17*(I17+J17)),0)) -> 0 | N17: coPI | O17: =D17 -> 0 | P17: =Q17/R17 -> 0 | Q17: ='YR 3'!Q17*1.03 -> 0 | R17: ='YR 1'!R17 -> 9
A18: 4 | D18: ='YR 1'!D18 -> 0 | K18: =(IF(R18>9, (P18*H18),0)+IF(R18<=9, (P18*(I18+J18)),0)) -> 0 | N18: coPI | O18: =D18 -> 0 | P18: =Q18/R18 -> 0 | Q18: ='YR 3'!Q18*1.03 -> 0 | R18: ='YR 1'!R18 -> 9
A19: 5 | D19: ='YR 1'!D19 -> 0 | K19: =(IF(R19>9, (P19*H19),0)+IF(R19<=9, (P19*(I19+J19)),0)) -> 0 | N19: coPI | O19: =D19 -> 0 | P19: =Q19/R19 -> 0 | Q19: ='YR 3'!Q19*1.03 -> 0 | R19: ='YR 1'!R19 -> 9
A20: 6 | D20: ='YR 1'!D20 -> 0 | K20: =(IF(R20>9, (P20*H20),0)+IF(R20<=9, (P20*(I20+J20)),0)) -> 0 | N20: coPI | O20: =D20 -> 0 | P20: =Q20/R20 -> 0 | Q20: ='YR 3'!Q20*1.03 -> 0 | R20: ='YR 1'!R20 -> 9
A21: 7 | D21: ='YR 1'!D21 -> 0 | K21: =(IF(R21>9, (P21*H21),0)+IF(R21<=9, (P21*(I21+J21)),0)) -> 0 | N21: coPI | O21: =D21 -> 0 | P21: =Q21/R21 -> 0 | Q21: ='YR 3'!Q21*1.03 -> 0 | R21: ='YR 1'!R21 -> 9
A22: 8 | D22: ='YR 1'!D22 -> 0 | K22: =(IF(R22>9, (P22*H22),0)+IF(R22<=9, (P22*(I22+J22)),0)) -> 0 | N22: coPI | O22: =D22 -> 0 | P22: =Q22/R22 -> 0 | Q22: ='YR 3'!Q22*1.03 -> 0 | R22: ='YR 1'!R22 -> 9
A23: 9 | D23: ='YR 1'!D23 -> 0 | K23: =(IF(R23>9, (P23*H23),0)+IF(R23<=9, (P23*(I23+J23)),0)) -> 0 | N23: coPI | O23: =D23 -> 0 | P23: =Q23/R23 -> 0 | Q23: ='YR 3'!Q23*1.03 -> 0 | R23: ='YR 1'!R23 -> 9
A24: 10 | D24: ='YR 1'!D24 -> 0 | K24: =(IF(R24>9, (P24*H24),0)+IF(R24<=9, (P24*(I24+J24)),0)) -> 0 | N24: coPI | O24: =D24 -> 0 | P24: =Q24/R24 -> 0 | Q24: ='YR 3'!Q24*1.03 -> 0 | R24: ='YR 1'!R24 -> 9
D25: POST DOC with benefit | K25: =((H25)*P25) -> 0 | O25: PostDocs W/Benefit | P25: =Q25/12 -> 0 | Q25: ='YR 3'!Q25*1.03 -> 0
D26: POST DOC with benefit | K26: =((H26)*P26) -> 0 | O26: PostDocs W/Benefit | P26: =Q26/12 -> 0 | Q26: ='YR 3'!Q26*1.03 -> 0
D27: POST DOC with benefit | K27: =((H27)*P27) -> 0 | O27: PostDocs W/Benefit | P27: =Q27/12 -> 0 | Q27: ='YR 3'!Q27*1.03 -> 0
D28: POST DOC with benefit | K28: =((H28)*P28) -> 0 | O28: PostDocs W/Benefit | P28: =Q28/12 -> 0 | Q28: ='YR 3'!Q28*1.03 -> 0
A29: 11 | C29: ) OTHERS (LIST INDIVIDUALLY ON BUDGET EXPLANATION PAGE) | K29: =P30*H29 -> 0 | O29: Grad Student | P29: =Q29/12 -> 0 | Q29: ='YR 1'!Q29 -> 0
A30: 12 | B30: ( | D30: ) TOTAL SENIOR PERSONNEL | H30: =SUM(H15:H29) -> 0 | I30: =SUM(I15:I29) -> 0 | J30: =SUM(J15:J29) -> 0 | K30: =SUM(K15:K29) -> 0 | O30: Other Professional 1 | P30: =Q30/12 -> 0 | Q30: ='YR 3'!Q30*1.03 -> 0
A31: B. | B31: OTHER PERSONNEL (SHOW NUMBERS IN BRACKETS) | O31: Other Professional 2 | P31: =Q31/12 -> 0 | Q31: ='YR 3'!Q31*1.03 -> 0
A32: 1. ( | C32: ) OTHER PROFESSIONAL 1 | K32: =(P30*H32)*B32 -> 0 | O32: Project Management | P32: =Q32/12 -> 0 | Q32: ='YR 3'!Q32*1.03 -> 0
A33: 2. ( | C33: ) OTHER PROFESSIONAL 2 | K33: =(P31*H33)*B33 -> 0
A34: 3. ( | C34: ) GRADUATE STUDENTS | F34: =Q29/12 -> 0 | G34: @ month | K34: =B34*F34*H34 -> 0
A35: 4. ( | C35: ) GRADUATE STUDENTS - NOT ENROLLED | F35: =Q29/12 -> 0 | G35: @ month | K35: =B35*F35*J35 -> 0
A36: 5. ( | C36: ) UNDERGRADUATE STUDENTS | I36: weeks | J36: 0 | K36: =B36*(Rates!B22*Rates!B23)*H36 -> 0 | P36: Fringe:
A37: 6. ( | C37: ) UNDERGRADUATE STUDENTS - SUMMER / NOT ENROLLED | I37: weeks | K37: =B37*(Rates!B22*Rates!B23)*H37 -> 0 | N37: PI | O37: =D11 -> 0 | P37: =IF(R15>9, (H15*Rates!B13+P15*H15*Rates!B4), ((I15*P15)*Rates!B4)+(I15*Rates!B12)+((J15*P15)*Rates!B4)) -> 0
A38: 7. ( | C38: ) PROJECT MANAGEMENT | I38: months | K38: =Q32/12*B38*H38 -> 0 | N38: coPI | O38: =D16 -> 0 | P38: =IF(R16>9, (H16*Rates!B13+P16*H16*Rates!B4), ((I16*P16)*Rates!B4)+(I16*Rates!B12)+((J16*P16)*Rates!B4)) -> 0
B39: TOTAL SALARIES AND WAGES (A+B) | K39: =SUM(K30:K38) -> 0 | N39: coPI | O39: =D17 -> 0 | P39: =IF(R17>9, (H17*Rates!B13+P17*H17*Rates!B4), ((I17*P17)*Rates!B4)+(I17*Rates!B12)+((J17*P17)*Rates!B4)) -> 0
A40: C. | B40: FRINGE BENEFITS (IF CHARGED AS DIRECT COSTS) | K40: =P58 -> 0 | N40: coPI | O40: =D18 -> 0 | P40: =IF(R18>9, (H18*Rates!B13+P18*H18*Rates!B4), ((I18*P18)*Rates!B4)+(I18*Rates!B12)+((J18*P18)*Rates!B4)) -> 0
B41: TOTAL SALARIES, WAGES AND FRINGE BENEFITS (A+B+C) | K41: =SUM(K39:K40) -> 0 | N41: coPI | O41: =D19 -> 0 | P41: =IF(R19>9, (H19*Rates!B13+P19*H19*Rates!B4), ((I19*P19)*Rates!B4)+(I19*Rates!B12)+((J19*P19)*Rates!B4)) -> 0
A42: D. | B42: PERMANENT EQUIPMENT (LIST ITEM AND DOLLAR AMOUNT FOR EACH ITEM.) | N42: coPI | O42: =D20 -> 0 | P42: =IF(R20>9, (H20*Rates!B13+P20*H20*Rates!B4), ((I20*P20)*Rates!B4)+(I20*Rates!B12)+((J20*P20)*Rates!B4)) -> 0
D43: Description | G43: amount | N43: coPI | O43: =D21 -> 0 | P43: =IF(R21>9, (H21*Rates!B13+P21*H21*Rates!B4), ((I21*P21)*Rates!B4)+(I21*Rates!B12)+((J21*P21)*Rates!B4)) -> 0
N44: coPI | O44: =D22 -> 0 | P44: =IF(R22>9, (H22*Rates!B13+P22*H22*Rates!B4), ((I22*P22)*Rates!B4)+(I22*Rates!B12)+((J22*P22)*Rates!B4)) -> 0
N45: coPI | O45: =D23 -> 0 | P45: =IF(R23>9, (H23*Rates!B13+P23*H23*Rates!B4), ((I23*P23)*Rates!B4)+(I23*Rates!B12)+((J23*P23)*Rates!B4)) -> 0
N46: coPI | O46: =D24 -> 0 | P46: =IF(R24>9, (H24*Rates!B13+P24*H24*Rates!B4), ((I24*P24)*Rates!B4)+(I24*Rates!B12)+((J24*P24)*Rates!B4)) -> 0
O47: =O25 -> PostDocs W/Benefit | P47: =(P25*H25)*Rates!B4+(H25*Rates!B13) -> 0 | Q47: =SUM(Q37:Q46) -> 0
B48: TOTAL PERMANENT EQUIPMENT | K48: =G44+G45+G46+G47 -> 0 | O48: =O26 -> PostDocs W/Benefit | P48: =(P26*H26)*Rates!B4+(H26*Rates!B13) -> 0
A49: E. | B49: TRAVEL | F49: 1. DOMESTIC | O49: =O27 -> PostDocs W/Benefit | P49: =(P27*H27)*Rates!B4+(H27*Rates!B13) -> 0
F50: 2. FOREIGN | O50: =O28 -> PostDocs W/Benefit | P50: =(P28*H28)*Rates!B4+(H28*Rates!B13) -> 0
O51: Grad Students | P51: =(K34*Rates!B5) -> 0
B52: TOTAL TRAVEL | K52: =SUM(K49:K50) -> 0 | O52: Grad Students (not enrolled) | P52: =(K35*Rates!B7) -> 0
A53: F. | B53: TRAINEE/PARTICIPANT COSTS | O53: Under Grads | P53: =(K36*Rates!B8) -> 0
B54: 1 | C54: STIPENDS (Itemize levels, types + totals on budget justification page) | O54: Under Grads (not enrolled) | P54: =(K37*Rates!B7) -> 0
B55: 2 | C55: TUITION & FEES | O55: Other Professional 1 | P55: =(K32*Rates!B4)+(H32*Rates!B13)*B32 -> 0
B56: 3 | C56: TRAINEE TRAVEL | O56: Other Professional 2 | P56: =(K33*Rates!B4)+(H33*Rates!B13)*B33 -> 0
B57: 4 | C57: OTHER (fully explain on justification page) | O57: Project Management | P57: =(K38*Rates!B4)+(H38*Rates!B13)*B38 -> 0
D58: TOTAL PARTICIPANTS | E58: 0 | G58: TOTAL COST | K58: =SUM(K54:K57) -> 0 | O58: Total Fringe: | P58: =SUM(P37:P57) -> 0
A59: G. | B59: OTHER DIRECT COSTS
B60: 1 | C60: MATERIALS AND SUPPLIES
B61: 2 | C61: PARTICIPANT/RESEARCH SUBJECT INCENTIVES
B62: 3 | C62: PUBLICATION COSTS/DOCUMENTATION/DISSEMINATION
B63: 4 | C63: CONSULTANT SERVICES
B64: 5 | C64: CONTRACTUAL SERVICES
B65: 6 | C65: SUBCONTRACTS FIRST $25,000 | K65: =R69 -> 0 | O65: SUBCONTRACT | P65: Sub #1 | Q65: Sub #2 | R65: Totals
C66: OVER $25,000 | K66: =R70 -> 0 | O66: DIRECT COST | R66: =SUM(P66:Q66) -> 0
C67: TOTAL SUBCONTRACTS | K67: =K65+K66 -> 0 | O67: IDC | R67: =SUM(P67:Q67) -> 0
B68: 7 | C68: DATA MANAGEMENT AND SHARING COSTS (NIH) | O68: TOTAL | P68: =SUM(P66:P67) -> 0 | Q68: =SUM(Q66:Q67) -> 0 | R68: =SUM(R66:R67) -> 0
B69: 8 | C69: GRADUATE STUDENT TUITION AND HEALTH INSURANCE | K69: {=_xlfn.IFS(H34=0,0,H34<=4.5,((Rates!B18+(Rates!G19*0.5))*B34),H34>4.5,(Rates!C18*B34))} -> 0 | O69: sub's budget used for IDC calc | P69: =IF(AND('YR 1'!P69+'YR 2'!P69+'YR 3'!P68<24999,'YR 1'!P69+'YR 2'!P69+'YR 3'!P69+'YR 4'!P68<24999),P68,25000-'YR 1'!P69-'YR 2'!P69+-'YR 3'!P69) -> 0 | Q69: =IF(AND('YR 1'!Q69+'YR 2'!Q69+'YR 3'!Q68<24999,'YR 1'!Q69+'YR 2'!Q69+'YR 3'!Q69+'YR 4'!Q68<24999),Q68,25000-'YR 1'!Q69-'YR 2'!Q69+-'YR 3'!Q69) -> 0 | R69: =SUM(P69:Q69) -> 0
C70: TOTAL OTHER DIRECT COSTS | K70: =SUM(K60+K61+K62+K63+K64+K65+K66+K68+K69) -> 0 | O70: Remaining | P70: =P68-P69 -> 0 | Q70: =Q68-Q69 -> 0 | R70: =SUM(P70:Q70) -> 0
A71: H. | B71: TOTAL DIRECT COSTS (A THROUGH G) | K71: =SUM(K70+K58+K52+K48+K41) -> 0
A72: I. | B72: INDIRECT COSTS (SPECIFY RATE AND BASE)
D73: =Rates!B28 -> 0.49 | F73: {=_xlfn.IFS(D73<0.26,K71,D73>=0.26,K71-K48-K58-K69-K66)} -> 0 | K73: =F73*Rates!B25 -> 0
B74: TOTAL INDIRECT COSTS | K74: =K73 -> 0
A75: J. | B75: TOTAL DIRECT AND INDIRECT COSTS (H+I) | K75: =K74+K71 -> 0
A76: K. | B76: AMOUNT OF ANY REQUIRED COST SHARING FROM NON-FEDERAL SOURCES
A77: L. | B77: TOTAL COST OF PROJECT (J+K) | K77: =K75-K76 -> 0
J80: YEAR 4 TOTAL DIRECT COST | K80: =SUM(K71-P67) -> 0
J81: (SUBTRACTING SUB IDC)

Sheet YR 5
A1: Please make sure that the fringe rates and the health insurance rates are correct before budget creation!
G3: BUDGET PAGE | O3: Instructions:
P4: ENTER INFORMATION
G6: YEAR 5 | P6: Do NOT Enter Information
A7: ORGANIZATION | K7: Project Period (months)
D8: UNIVERSITY OF SOUTH CAROLINA | K8: ='YR 1'!K8 -> 0 | O8: The green spaces have formulas in them.
K9: Budget Year: | O9: Do not type in these spaces.
A10: PRINCIPAL INVESTIGATOR/PROJECT DIRECTOR | J10: From: | K10: ='YR 4'!K11+1 -> 37621
D11: ='YR 1'!D11 -> 0 | J11: To: | K11: =TEXT(K10+364,"mm/dd/yy") -> 12/31/07 | Q11: If annual salary turns red, the 2026 NIH Salary Cap has been exceeded
A12: A. SENIOR PERSONNEL: PI/PD, Co-PI's, Faculty and Other Senior Associates | I12: Agency Funded
A13: (List each separately with title) | I13: Person-mos. | K13: Funds Requested | P13: FEDERAL | Q13: ANNUAL
H14: CAL | I14: ACAD | J14: SUMR | P14: MONTHLY | Q14: SALARY | R14: APPOINTMENT
A15: 1 | D15: =D11 -> 0 | K15: =(IF(R15>9, (P15*H15),0)+IF(R15<=9, (P15*(I15+J15)),0)) -> 0 | N15: PI | O15: =D11 -> 0 | P15: =Q15/R15 -> 0 | Q15: ='YR 4'!Q15*1.03 -> 0 | R15: ='YR 1'!R15 -> 9
A16: 2 | D16: ='YR 1'!D16 -> 0 | K16: =(IF(R16>9, (P16*H16),0)+IF(R16<=9, (P16*(I16+J16)),0)) -> 0 | N16: coPI | O16: =D16 -> 0 | P16: =Q16/R16 -> 0 | Q16: ='YR 4'!Q16*1.03 -> 0 | R16: ='YR 1'!R16 -> 9
A17: 3 | D17: ='YR 1'!D17 -> 0 | K17: =(IF(R17>9, (P17*H17),0)+IF(R17<=9, (P17*(I17+J17)),0)) -> 0 | N17: coPI | O17: =D17 -> 0 | P17: =Q17/R17 -> 0 | Q17: ='YR 4'!Q17*1.03 -> 0 | R17: ='YR 1'!R17 -> 9
A18: 4 | D18: ='YR 1'!D18 -> 0 | K18: =(IF(R18>9, (P18*H18),0)+IF(R18<=9, (P18*(I18+J18)),0)) -> 0 | N18: coPI | O18: =D18 -> 0 | P18: =Q18/R18 -> 0 | Q18: ='YR 4'!Q18*1.03 -> 0 | R18: ='YR 1'!R18 -> 9
A19: 5 | D19: ='YR 1'!D19 -> 0 | K19: =(IF(R19>9, (P19*H19),0)+IF(R19<=9, (P19*(I19+J19)),0)) -> 0 | N19: coPI | O19: =D19 -> 0 | P19: =Q19/R19 -> 0 | Q19: ='YR 4'!Q19*1.03 -> 0 | R19: ='YR 1'!R19 -> 9
A20: 6 | D20: ='YR 1'!D20 -> 0 | K20: =(IF(R20>9, (P20*H20),0)+IF(R20<=9, (P20*(I20+J20)),0)) -> 0 | N20: coPI | O20: =D20 -> 0 | P20: =Q20/R20 -> 0 | Q20: ='YR 4'!Q20*1.03 -> 0 | R20: ='YR 1'!R20 -> 9
A21: 7 | D21: ='YR 1'!D21 -> 0 | K21: =(IF(R21>9, (P21*H21),0)+IF(R21<=9, (P21*(I21+J21)),0)) -> 0 | N21: coPI | O21: =D21 -> 0 | P21: =Q21/R21 -> 0 | Q21: ='YR 4'!Q21*1.03 -> 0 | R21: ='YR 1'!R21 -> 9
A22: 8 | D22: ='YR 1'!D22 -> 0 | K22: =(IF(R22>9, (P22*H22),0)+IF(R22<=9, (P22*(I22+J22)),0)) -> 0 | N22: coPI | O22: =D22 -> 0 | P22: =Q22/R22 -> 0 | Q22: ='YR 4'!Q22*1.03 -> 0 | R22: ='YR 1'!R22 -> 9
A23: 9 | D23: ='YR 1'!D23 -> 0 | K23: =(IF(R23>9, (P23*H23),0)+IF(R23<=9, (P23*(I23+J23)),0)) -> 0 | N23: coPI | O23: =D23 -> 0 | P23: =Q23/R23 -> 0 | Q23: ='YR 4'!Q23*1.03 -> 0 | R23: ='YR 1'!R23 -> 9
A24: 10 | D24: ='YR 1'!D24 -> 0 | K24: =(IF(R24>9, (P24*H24),0)+IF(R24<=9, (P24*(I24+J24)),0)) -> 0 | N24: coPI | O24: =D24 -> 0 | P24: =Q24/R24 -> 0 | Q24: ='YR 4'!Q24*1.03 -> 0 | R24: ='YR 1'!R24 -> 9
D25: POST DOC with benefit | K25: =((H25)*P25) -> 0 | O25: PostDocs W/Benefit | P25: =Q25/12 -> 0 | Q25: ='YR 4'!Q25*1.03 -> 0
D26: POST DOC with benefit | K26: =((H26)*P26) -> 0 | O26: PostDocs W/Benefit | P26: =Q26/12 -> 0 | Q26: ='YR 4'!Q26*1.03 -> 0
D27: POST DOC with benefit | K27: =((H27)*P27) -> 0 | O27: PostDocs W/Benefit | P27: =Q27/12 -> 0 | Q27: ='YR 4'!Q27*1.03 -> 0
D28: POST DOC with benefit | K28: =((H28)*P28) -> 0 | O28: PostDocs W/Benefit | P28: =Q28/12 -> 0 | Q28: ='YR 4'!Q28*1.03 -> 0
A29: 11 | C29: ) OTHERS (LIST INDIVIDUALLY ON BUDGET EXPLANATION PAGE) | K29: =P30*H29 -> 0 | O29: Grad Student | P29: =Q29/12 -> 0 | Q29: ='YR 1'!Q29 -> 0
A30: 12 | B30: ( | D30: ) TOTAL SENIOR PERSONNEL | H30: =SUM(H15:H29) -> 0 | I30: =SUM(I15:I29) -> 0 | J30: =SUM(J15:J29) -> 0 | K30: =SUM(K15:K29) -> 0 | O30: Other Professional 1 | P30: =Q30/12 -> 0 | Q30: ='YR 4'!Q30*1.03 -> 0
A31: B. | B31: OTHER PERSONNEL (SHOW NUMBERS IN BRACKETS) | O31: Other Professional 2 | P31: =Q31/12 -> 0 | Q31: ='YR 4'!Q31*1.03 -> 0
A32: 1. ( | C32: ) OTHER PROFESSIONAL 1 | K32: =(P30*H32)*B32 -> 0 | O32: Project Management | P32: =Q32/12 -> 0 | Q32: ='YR 4'!Q32*1.03 -> 0
A33: 2. ( | C33: ) OTHER PROFESSIONAL 2 | K33: =(P31*H33)*B33 -> 0
A34: 3. ( | C34: ) GRADUATE STUDENTS | F34: =Q29/12 -> 0 | G34: @ month | K34: =B34*F34*H34 -> 0
A35: 4. ( | C35: ) GRADUATE STUDENTS - NOT ENROLLED | F35: =Q29/12 -> 0 | G35: @ month | K35: =B35*F35*J35 -> 0
A36: 5. ( | C36: ) UNDERGRADUATE STUDENTS | I36: weeks | J36: 0 | K36: =B36*(Rates!B22*Rates!B23)*H36 -> 0 | P36: Fringe:
A37: 6. ( | C37: ) UNDERGRADUATE STUDENTS - SUMMER / NOT ENROLLED | I37: weeks | K37: =B37*(Rates!B22*Rates!B23)*H37 -> 0 | N37: PI | O37: =D11 -> 0 | P37: =IF(R15>9, (H15*Rates!B13+P15*H15*Rates!B4), ((I15*P15)*Rates!B4)+(I15*Rates!B12)+((J15*P15)*Rates!B4)) -> 0
A38: 7. ( | C38: ) PROJECT MANAGEMENT | I38: months | K38: =Q32/12*B38*H38 -> 0 | N38: coPI | O38: =D16 -> 0 | P38: =IF(R16>9, (H16*Rates!B13+P16*H16*Rates!B4), ((I16*P16)*Rates!B4)+(I16*Rates!B12)+((J16*P16)*Rates!B4)) -> 0
B39: TOTAL SALARIES AND WAGES (A+B) | K39: =SUM(K30:K38) -> 0 | N39: coPI | O39: =D17 -> 0 | P39: =IF(R17>9, (H17*Rates!B13+P17*H17*Rates!B4), ((I17*P17)*Rates!B4)+(I17*Rates!B12)+((J17*P17)*Rates!B4)) -> 0
A40: C. | B40: FRINGE BENEFITS (IF CHARGED AS DIRECT COSTS) | K40: =P58 -> 0 | N40: coPI | O40: =D18 -> 0 | P40: =IF(R18>9, (H18*Rates!B13+P18*H18*Rates!B4), ((I18*P18)*Rates!B4)+(I18*Rates!B12)+((J18*P18)*Rates!B4)) -> 0
B41: TOTAL SALARIES, WAGES AND FRINGE BENEFITS (A+B+C) | K41: =SUM(K39:K40) -> 0 | N41: coPI | O41: =D19 -> 0 | P41: =IF(R19>9, (H19*Rates!B13+P19*H19*Rates!B4), ((I19*P19)*Rates!B4)+(I19*Rates!B12)+((J19*P19)*Rates!B4)) -> 0
A42: D. | B42: PERMANENT EQUIPMENT (LIST ITEM AND DOLLAR AMOUNT FOR EACH ITEM.) | N42: coPI | O42: =D20 -> 0 | P42: =IF(R20>9, (H20*Rates!B13+P20*H20*Rates!B4), ((I20*P20)*Rates!B4)+(I20*Rates!B12)+((J20*P20)*Rates!B4)) -> 0
D43: Description | G43: amount | N43: coPI | O43: =D21 -> 0 | P43: =IF(R21>9, (H21*Rates!B13+P21*H21*Rates!B4), ((I21*P21)*Rates!B4)+(I21*Rates!B12)+((J21*P21)*Rates!B4)) -> 0
N44: coPI | O44: =D22 -> 0 | P44: =IF(R22>9, (H22*Rates!B13+P22*H22*Rates!B4), ((I22*P22)*Rates!B4)+(I22*Rates!B12)+((J22*P22)*Rates!B4)) -> 0
N45: coPI | O45: =D23 -> 0 | P45: =IF(R23>9, (H23*Rates!B13+P23*H23*Rates!B4), ((I23*P23)*Rates!B4)+(I23*Rates!B12)+((J23*P23)*Rates!B4)) -> 0
N46: coPI | O46: =D24 -> 0 | P46: =IF(R24>9, (H24*Rates!B13+P24*H24*Rates!B4), ((I24*P24)*Rates!B4)+(I24*Rates!B12)+((J24*P24)*Rates!B4)) -> 0
O47: =O25 -> PostDocs W/Benefit | P47: =(P25*H25)*Rates!B4+(H25*Rates!B13) -> 0 | Q47: =SUM(Q37:Q46) -> 0
B48: TOTAL PERMANENT EQUIPMENT | K48: =G44+G45+G46+G47 -> 0 | O48: =O26 -> PostDocs W/Benefit | P48: =(P26*H26)*Rates!B4+(H26*Rates!B13) -> 0
A49: E. | B49: TRAVEL | F49: 1. DOMESTIC | O49: =O27 -> PostDocs W/Benefit | P49: =(P27*H27)*Rates!B4+(H27*Rates!B13) -> 0
F50: 2. FOREIGN | O50: =O28 -> PostDocs W/Benefit | P50: =(P28*H28)*Rates!B4+(H28*Rates!B13) -> 0
O51: Grad Students | P51: =(K34*Rates!B5) -> 0
B52: TOTAL TRAVEL | K52: =SUM(K49:K50) -> 0 | O52: Grad Students (not enrolled) | P52: =(K35*Rates!B7) -> 0
A53: F. | B53: TRAINEE/PARTICIPANT COSTS | O53: Under Grads | P53: =(K36*Rates!B8) -> 0
B54: 1 | C54: STIPENDS (Itemize levels, types + totals on budget justification page) | O54: Under Grads (not enrolled) | P54: =(K37*Rates!B7) -> 0
B55: 2 | C55: TUITION & FEES | O55: Other Professional 1 | P55: =(K32*Rates!B4)+(H32*Rates!B13)*B32 -> 0
B56: 3 | C56: TRAINEE TRAVEL | O56: Other Professional 2 | P56: =(K33*Rates!B4)+(H33*Rates!B13)*B33 -> 0
B57: 4 | C57: OTHER (fully explain on justification page) | O57: Project Management | P57: =(K38*Rates!B4)+(H38*Rates!B13)*B38 -> 0
D58: TOTAL PARTICIPANTS | E58: 0 | G58: TOTAL COST | K58: =SUM(K54:K57) -> 0 | O58: Total Fringe: | P58: =SUM(P37:P57) -> 0
A59: G. | B59: OTHER DIRECT COSTS
B60: 1 | C60: MATERIALS AND SUPPLIES
B61: 2 | C61: PARTICIPANT/RESEARCH SUBJECT INCENTIVES
B62: 3 | C62: PUBLICATION COSTS/DOCUMENTATION/DISSEMINATION
B63: 4 | C63: CONSULTANT SERVICES
B64: 5 | C64: CONTRACTUAL SERVICES
B65: 6 | C65: SUBCONTRACTS FIRST $25,000 | K65: =R69 -> 0 | O65: SUBCONTRACT | P65: Sub #1 | Q65: Sub #2 | R65: Totals
C66: OVER $25,000 | K66: =R70 -> 0 | O66: DIRECT COST | R66: =SUM(P66:Q66) -> 0
C67: TOTAL SUBCONTRACTS | K67: =K65+K66 -> 0 | O67: IDC | R67: =SUM(P67:Q67) -> 0
B68: 7 | C68: DATA MANAGEMENT AND SHARING COSTS (NIH) | O68: TOTAL | P68: =SUM(P66:P67) -> 0 | Q68: =SUM(Q66:Q67) -> 0 | R68: =SUM(R66:R67) -> 0
B69: 8 | C69: GRADUATE STUDENT TUITION AND HEALTH INSURANCE | K69: {=_xlfn.IFS(H34=0,0,H34<=4.5,((Rates!B19+(Rates!G19*0.5))*B34),H34>4.5,(Rates!C19*B34))} -> 0 | O69: sub's budget used for IDC calc | P69: =IF(AND('YR 1'!P69+'YR 2'!P69+'YR 3'!P69+'YR 4'!P68<24999,'YR 1'!P69+'YR 2'!P69+'YR 3'!P69+'YR 4'!P69+'YR 5'!P68<24999),P68,25000-'YR 1'!P69-'YR 2'!P69+-'YR 3'!P69-'YR 4'!P69) -> 0 | Q69: =IF(AND('YR 1'!Q69+'YR 2'!Q69+'YR 3'!Q69+'YR 4'!Q68<24999,'YR 1'!Q69+'YR 2'!Q69+'YR 3'!Q69+'YR 4'!Q69+'YR 5'!Q68<24999),Q68,25000-'YR 1'!Q69-'YR 2'!Q69+-'YR 3'!Q69-'YR 4'!Q69) -> 0 | R69: =SUM(P69:Q69) -> 0
C70: TOTAL OTHER DIRECT COSTS | K70: =SUM(K60+K61+K62+K63+K64+K65+K66+K68+K69) -> 0 | O70: Remaining | P70: =P68-P69 -> 0 | Q70: =Q68-Q69 -> 0 | R70: =SUM(P70:Q70) -> 0
A71: H. | B71: TOTAL DIRECT COSTS (A THROUGH G) | K71: =SUM(K70+K58+K52+K48+K41) -> 0
A72: I. | B72: INDIRECT COSTS (SPECIFY RATE AND BASE)
D73: =Rates!B29 -> 0.49 | F73: {=_xlfn.IFS(D73<0.26,K71,D73>=0.26,K71-K48-K58-K69-K66)} -> 0 | K73: =F73*Rates!B25 -> 0
B74: TOTAL INDIRECT COSTS | K74: =K73 -> 0
A75: J. | B75: TOTAL DIRECT AND INDIRECT COSTS (H+I) | K75: =K74+K71 -> 0
A76: K. | B76: AMOUNT OF ANY REQUIRED COST SHARING FROM NON-FEDERAL SOURCES
A77: L. | B77: TOTAL COST OF PROJECT (J+K) | K77: =K75-K76 -> 0
J80: YEAR 5 TOTAL DIRECT COST | K80: =SUM(K71-P67) -> 0
J81: (SUBTRACTING SUB IDC)

Sheet Total Project
A1: ='YR 1'!A1 -> Please make sure that the fringe rates and the health insurance rates are correct before budget creation!
G3: 7 | L3: DO NOT ENTER ANYTHING ON THIS PAGE
G6: SUMMARY PAGE
A7: ORGANIZATION | K7: Project Period (months)
D8: ='YR 1'!D8 -> UNIVERSITY OF SOUTH CAROLINA | K8: ='YR 1'!K8 -> 0
K9: Requested Duration:
A10: PRINCIPAL INVESTIGATOR/PROJECT DIRECTOR | K10: ='YR 1'!K10 -> 0
D11: ='YR 1'!D11 -> 0 | K11: ='YR 5'!K11 -> 12/31/07
A12: A. SENIOR PERSONNEL: PI/PD, Co-PI's, Faculty and Other Senior Associates | I12: Agency Funded
A13: (List each separately with title; A.6. show number in brackets) | I13: Person-mos. | K13: Funds Requested
H14: CAL | I14: ACAD | J14: SUMR
A15: 1 | D15: ='YR 1'!D15 -> 0 | H15: ='YR 1'!H15+'YR 2'!H15+'YR 3'!H15+'YR 4'!H15+'YR 5'!H15 -> 0 | I15: ='YR 1'!I15+'YR 2'!I15+'YR 3'!I15+'YR 4'!I15+'YR 5'!I15 -> 0 | J15: ='YR 1'!J15+'YR 2'!J15+'YR 3'!J15+'YR 4'!J15+'YR 5'!J15 -> 0 | K15: ='YR 1'!K15+'YR 2'!K15+'YR 3'!K15+'YR 4'!K15+'YR 5'!K15 -> 0
A16: 2 | D16: ='YR 1'!D16 -> 0 | H16: ='YR 1'!H16+'YR 2'!H16+'YR 3'!H16+'YR 4'!H16+'YR 5'!H16 -> 0 | I16: ='YR 1'!I16+'YR 2'!I16+'YR 3'!I16+'YR 4'!I16+'YR 5'!I16 -> 0 | J16: ='YR 1'!J16+'YR 2'!J16+'YR 3'!J16+'YR 4'!J16+'YR 5'!J16 -> 0 | K16: ='YR 1'!K16+'YR 2'!K16+'YR 3'!K16+'YR 4'!K16+'YR 5'!K16 -> 0
A17: 3 | D17: ='YR 1'!D17 -> 0 | H17: ='YR 1'!H17+'YR 2'!H17+'YR 3'!H17+'YR 4'!H17+'YR 5'!H17 -> 0 | I17: ='YR 1'!I17+'YR 2'!I17+'YR 3'!I17+'YR 4'!I17+'YR 5'!I17 -> 0 | J17: ='YR 1'!J17+'YR 2'!J17+'YR 3'!J17+'YR 4'!J17+'YR 5'!J17 -> 0 | K17: ='YR 1'!K17+'YR 2'!K17+'YR 3'!K17+'YR 4'!K17+'YR 5'!K17 -> 0
A18: 4 | D18: ='YR 1'!D18 -> 0 | H18: ='YR 1'!H18+'YR 2'!H18+'YR 3'!H18+'YR 4'!H18+'YR 5'!H18 -> 0 | I18: ='YR 1'!I18+'YR 2'!I18+'YR 3'!I18+'YR 4'!I18+'YR 5'!I18 -> 0 | J18: ='YR 1'!J18+'YR 2'!J18+'YR 3'!J18+'YR 4'!J18+'YR 5'!J18 -> 0 | K18: ='YR 1'!K18+'YR 2'!K18+'YR 3'!K18+'YR 4'!K18+'YR 5'!K18 -> 0
A19: 5 | D19: ='YR 1'!D19 -> 0 | H19: ='YR 1'!H19+'YR 2'!H19+'YR 3'!H19+'YR 4'!H19+'YR 5'!H19 -> 0 | I19: ='YR 1'!I19+'YR 2'!I19+'YR 3'!I19+'YR 4'!I19+'YR 5'!I19 -> 0 | J19: ='YR 1'!J19+'YR 2'!J19+'YR 3'!J19+'YR 4'!J19+'YR 5'!J19 -> 0 | K19: ='YR 1'!K19+'YR 2'!K19+'YR 3'!K19+'YR 4'!K19+'YR 5'!K19 -> 0
A20: 6 | D20: ='YR 1'!D20 -> 0 | H20: ='YR 1'!H20+'YR 2'!H20+'YR 3'!H20+'YR 4'!H20+'YR 5'!H20 -> 0 | I20: ='YR 1'!I20+'YR 2'!I20+'YR 3'!I20+'YR 4'!I20+'YR 5'!I20 -> 0 | J20: ='YR 1'!J20+'YR 2'!J20+'YR 3'!J20+'YR 4'!J20+'YR 5'!J20 -> 0 | K20: ='YR 1'!K20+'YR 2'!K20+'YR 3'!K20+'YR 4'!K20+'YR 5'!K20 -> 0
A21: 7 | D21: ='YR 1'!D21 -> 0 | H21: ='YR 1'!H21+'YR 2'!H21+'YR 3'!H21+'YR 4'!H21+'YR 5'!H21 -> 0 | I21: ='YR 1'!I21+'YR 2'!I21+'YR 3'!I21+'YR 4'!I21+'YR 5'!I21 -> 0 | J21: ='YR 1'!J21+'YR 2'!J21+'YR 3'!J21+'YR 4'!J21+'YR 5'!J21 -> 0 | K21: ='YR 1'!K21+'YR 2'!K21+'YR 3'!K21+'YR 4'!K21+'YR 5'!K21 -> 0
A22: 8 | D22: ='YR 1'!D22 -> 0 | H22: ='YR 1'!H22+'YR 2'!H22+'YR 3'!H22+'YR 4'!H22+'YR 5'!H22 -> 0 | I22: ='YR 1'!I22+'YR 2'!I22+'YR 3'!I22+'YR 4'!I22+'YR 5'!I22 -> 0 | J22: ='YR 1'!J22+'YR 2'!J22+'YR 3'!J22+'YR 4'!J22+'YR 5'!J22 -> 0 | K22: ='YR 1'!K22+'YR 2'!K22+'YR 3'!K22+'YR 4'!K22+'YR 5'!K22 -> 0
A23: 9 | D23: ='YR 1'!D23 -> 0 | H23: ='YR 1'!H23+'YR 2'!H23+'YR 3'!H23+'YR 4'!H23+'YR 5'!H23 -> 0 | I23: ='YR 1'!I23+'YR 2'!I23+'YR 3'!I23+'YR 4'!I23+'YR 5'!I23 -> 0 | J23: ='YR 1'!J23+'YR 2'!J23+'YR 3'!J23+'YR 4'!J23+'YR 5'!J23 -> 0 | K23: ='YR 1'!K23+'YR 2'!K23+'YR 3'!K23+'YR 4'!K23+'YR 5'!K23 -> 0
A24: 10 | D24: ='YR 1'!D24 -> 0 | H24: ='YR 1'!H24+'YR 2'!H24+'YR 3'!H24+'YR 4'!H24+'YR 5'!H24 -> 0 | I24: ='YR 1'!I24+'YR 2'!I24+'YR 3'!I24+'YR 4'!I24+'YR 5'!I24 -> 0 | J24: ='YR 1'!J24+'YR 2'!J24+'YR 3'!J24+'YR 4'!J24+'YR 5'!J24 -> 0 | K24: ='YR 1'!K24+'YR 2'!K24+'YR 3'!K24+'YR 4'!K24+'YR 5'!K24 -> 0
D25: ='YR 1'!D25 -> POST DOC with benefit | H25: ='YR 1'!H25+'YR 2'!H25+'YR 3'!H25+'YR 4'!H25+'YR 5'!H25 -> 0 | I25: ='YR 1'!I25+'YR 2'!I25+'YR 3'!I25+'YR 4'!I25+'YR 5'!I25 -> 0 | J25: ='YR 1'!J25+'YR 2'!J25+'YR 3'!J25+'YR 4'!J25+'YR 5'!J25 -> 0 | K25: ='YR 1'!K25+'YR 2'!K25+'YR 3'!K25+'YR 4'!K25+'YR 5'!K25 -> 0
D26: ='YR 1'!D26 -> POST DOC with benefit | H26: ='YR 1'!H26+'YR 2'!H26+'YR 3'!H26+'YR 4'!H26+'YR 5'!H26 -> 0 | I26: ='YR 1'!I26+'YR 2'!I26+'YR 3'!I26+'YR 4'!I26+'YR 5'!I26 -> 0 | J26: ='YR 1'!J26+'YR 2'!J26+'YR 3'!J26+'YR 4'!J26+'YR 5'!J26 -> 0 | K26: ='YR 1'!K26+'YR 2'!K26+'YR 3'!K26+'YR 4'!K26+'YR 5'!K26 -> 0
D27: ='YR 1'!D27 -> POST DOC with benefit | H27: ='YR 1'!H27+'YR 2'!H27+'YR 3'!H27+'YR 4'!H27+'YR 5'!H27 -> 0 | I27: ='YR 1'!I27+'YR 2'!I27+'YR 3'!I27+'YR 4'!I27+'YR 5'!I27 -> 0 | J27: ='YR 1'!J27+'YR 2'!J27+'YR 3'!J27+'YR 4'!J27+'YR 5'!J27 -> 0 | K27: ='YR 1'!K27+'YR 2'!K27+'YR 3'!K27+'YR 4'!K27+'YR 5'!K27 -> 0
D28: ='YR 1'!D28 -> POST DOC with benefit | H28: ='YR 1'!H28+'YR 2'!H28+'YR 3'!H28+'YR 4'!H28+'YR 5'!H28 -> 0 | I28: ='YR 1'!I28+'YR 2'!I28+'YR 3'!I28+'YR 4'!I28+'YR 5'!I28 -> 0 | J28: ='YR 1'!J28+'YR 2'!J28+'YR 3'!J28+'YR 4'!J28+'YR 5'!J28 -> 0 | K28: ='YR 1'!K28+'YR 2'!K28+'YR 3'!K28+'YR 4'!K28+'YR 5'!K28 -> 0
A29: 11 | B29: ='YR 1'!B29 -> 0 | C29: ) OTHERS (LIST INDIVIDUALLY ON BUDGET EXPLANATION PAGE) | H29: ='YR 1'!H29+'YR 2'!H29+'YR 3'!H29+'YR 4'!H29+'YR 5'!H29 -> 0 | I29: ='YR 1'!I29+'YR 2'!I29+'YR 3'!I29+'YR 4'!I29+'YR 5'!I29 -> 0 | J29: ='YR 1'!J29+'YR 2'!J29+'YR 3'!J29+'YR 4'!J29+'YR 5'!J29 -> 0 | K29: ='YR 1'!K29+'YR 2'!K29+'YR 3'!K29+'YR 4'!K29+'YR 5'!K29 -> 0
A30: 12 | B30: ( | D30: ) TOTAL SENIOR PERSONNEL | H30: =SUM(H15:H29) -> 0 | I30: =SUM(I15:I29) -> 0 | J30: =SUM(J15:J29) -> 0 | K30: =SUM(K15:K29) -> 0
A31: B. | B31: OTHER PERSONNEL (SHOW NUMBERS IN BRACKETS)
A32: 1. ( | B32: ='YR 1'!B32 -> 0 | C32: ) OTHER PROFESSIONAL 1 | H32: ='YR 1'!H32+'YR 2'!H32+'YR 3'!H32+'YR 4'!H32+'YR 5'!H32 -> 0 | I32: ='YR 1'!I32+'YR 2'!I32+'YR 3'!I32+'YR 4'!I32+'YR 5'!I32 -> 0 | J32: ='YR 1'!J32+'YR 2'!J32+'YR 3'!J32+'YR 4'!J32+'YR 5'!J32 -> 0 | K32: ='YR 1'!K32+'YR 2'!K32+'YR 3'!K32+'YR 4'!K32+'YR 5'!K32 -> 0
A33: 2. ( | B33: ='YR 1'!B33 -> 0 | C33: ) OTHER PROFESSIONAL 2 | H33: ='YR 1'!H33+'YR 2'!H33+'YR 3'!H33+'YR 4'!H33+'YR 5'!H33 -> 0 | I33: ='YR 1'!I33+'YR 2'!I33+'YR 3'!I33+'YR 4'!I33+'YR 5'!I33 -> 0 | J33: ='YR 1'!J33+'YR 2'!J33+'YR 3'!J33+'YR 4'!J33+'YR 5'!J33 -> 0 | K33: ='YR 1'!K33+'YR 2'!K33+'YR 3'!K33+'YR 4'!K33+'YR 5'!K33 -> 0
A34: 3. ( | B34: ='YR 1'!B34 -> 0 | C34: ) GRADUATE STUDENTS | H34: ='YR 1'!H34+'YR 2'!H34+'YR 3'!H34+'YR 4'!H34+'YR 5'!H34 -> 0 | I34: ='YR 1'!I34+'YR 2'!I34+'YR 3'!I34+'YR 4'!I34+'YR 5'!I34 -> 0 | J34: ='YR 1'!J34+'YR 2'!J34+'YR 3'!J34+'YR 4'!J34+'YR 5'!J34 -> 0 | K34: ='YR 1'!K34+'YR 2'!K34+'YR 3'!K34+'YR 4'!K34+'YR 5'!K34 -> 0
A35: 4. ( | B35: ='YR 1'!B35 -> 0 | C35: ) GRADUATE STUDENTS - NOT ENROLLED | H35: ='YR 1'!H35+'YR 2'!H35+'YR 3'!H35+'YR 4'!H35+'YR 5'!H35 -> 0 | I35: ='YR 1'!I35+'YR 2'!I35+'YR 3'!I35+'YR 4'!I35+'YR 5'!I35 -> 0 | J35: ='YR 1'!J35+'YR 2'!J35+'YR 3'!J35+'YR 4'!J35+'YR 5'!J35 -> 0 | K35: ='YR 1'!K35+'YR 2'!K35+'YR 3'!K35+'YR 4'!K35+'YR 5'!K35 -> 0
A36: 5. ( | B36: ='YR 1'!B36 -> 0 | C36: ) UNDERGRADUATE STUDENTS | H36: ='YR 1'!H36+'YR 2'!H36+'YR 3'!H36+'YR 4'!H36+'YR 5'!H36 -> 0 | I36: weeks | J36: 0 | K36: ='YR 1'!K36+'YR 2'!K36+'YR 3'!K36+'YR 4'!K36+'YR 5'!K36 -> 0
A37: 6. ( | B37: ='YR 1'!B37 -> 0 | C37: ) UNDERGRADUATE STUDENTS - SUMMER / NOT ENROLLED | H37: ='YR 1'!H37+'YR 2'!H37+'YR 3'!H37+'YR 4'!H37+'YR 5'!H37 -> 0 | I37: weeks | J37: 0 | K37: ='YR 1'!K37+'YR 2'!K37+'YR 3'!K37+'YR 4'!K37+'YR 5'!K37 -> 0
A38: 7. ( | B38: ='YR 1'!B38 -> 0 | C38: ) PROJECT MANAGEMENT | H38: ='YR 1'!H38+'YR 2'!H38+'YR 3'!H38+'YR 4'!H38+'YR 5'!H38 -> 0 | I38: months | K38: ='YR 1'!K38+'YR 2'!K38+'YR 3'!K38+'YR 4'!K38+'YR 5'!K38 -> 0
B39: TOTAL SALARIES AND WAGES (A+B) | K39: =SUM(K30:K38) -> 0
A40: C. | B40: FRINGE BENEFITS (IF CHARGED AS DIRECT COSTS) | K40: ='YR 1'!K40+'YR 2'!K40+'YR 3'!K40+'YR 4'!K40+'YR 5'!K40 -> 0
B41: TOTAL SALARIES, WAGES AND FRINGE BENEFITS (A+B+C) | K41: =SUM(K39:K40) -> 0
A42: D. | B42: PERMANENT EQUIPMENT (LIST ITEM AND DOLLAR AMOUNT FOR EACH ITEM.)
D44: YEAR 1 | G44: ='YR 1'!K48 -> 0
D45: YEAR 2 | G45: ='YR 2'!K48 -> 0
D46: YEAR 3 | G46: ='YR 3'!K48 -> 0
D47: YEAR 4 | G47: ='YR 4'!K48 -> 0
D48: YEAR 5 | G48: ='YR 5'!K48 -> 0
B50: TOTAL PERMANENT EQUIPMENT | K50: =SUM(G44:G48) -> 0
A51: E. | B51: TRAVEL | F51: 1. DOMESTIC | K51: ='YR 1'!K49+'YR 2'!K49+'YR 3'!K49+'YR 4'!K49+'YR 5'!K49 -> 0
F52: 2. FOREIGN | K52: ='YR 1'!K50+'YR 2'!K50+'YR 3'!K50+'YR 4'!K50+'YR 5'!K50 -> 0
B54: TOTAL TRAVEL | K54: =SUM(K51:K52) -> 0
A55: F. | B55: TRAINEE/PARTICIPANT COSTS
B56: 1 | C56: STIPENDS (Itemize levels, types + totals on budget justification page) | K56: ='YR 1'!K54+'YR 2'!K54+'YR 3'!K54+'YR 4'!K54+'YR 5'!K54 -> 0
B57: 2 | C57: TUITION & FEES | K57: ='YR 1'!K55+'YR 2'!K55+'YR 3'!K55+'YR 4'!K55+'YR 5'!K55 -> 0
B58: 3 | C58: TRAINEE TRAVEL | K58: ='YR 1'!K56+'YR 2'!K56+'YR 3'!K56+'YR 4'!K56+'YR 5'!K56 -> 0
B59: 4 | C59: OTHER (fully explain on justification page) | K59: ='YR 1'!K57+'YR 2'!K57+'YR 3'!K57+'YR 4'!K57+'YR 5'!K57 -> 0
B60: TOTAL PARTICIPANTS | E60: ='YR 1'!E58+'YR 2'!E58+'YR 3'!E58+'YR 4'!E58+'YR 5'!E58 -> 0 | G60: TOTAL COST | K60: =SUM(K56:K59) -> 0
A61: G. | B61: OTHER DIRECT COSTS
B62: 1 | C62: MATERIALS AND SUPPLIES | K62: ='YR 1'!K60+'YR 2'!K60+'YR 3'!K60+'YR 4'!K60+'YR 5'!K60 -> 0
B63: 2 | C63: PARTICIPANT/RESEARCH SUBJECT INCENTIVES | K63: ='YR 1'!K61+'YR 2'!K61+'YR 3'!K61+'YR 4'!K61+'YR 5'!K61 -> 0
B64: 3 | C64: PUBLICATION COSTS/DOCUMENTATION/DISSEMINATION | K64: ='YR 1'!K62+'YR 2'!K62+'YR 3'!K62+'YR 4'!K62+'YR 5'!K62 -> 0
B65: 4 | C65: CONSULTANT SERVICES | K65: ='YR 1'!K63+'YR 2'!K63+'YR 3'!K63+'YR 4'!K63+'YR 5'!K63 -> 0
B66: 5 | C66: CONTRACTUAL SERVICES | K66: ='YR 1'!K64+'YR 2'!K64+'YR 3'!K64+'YR 4'!K64+'YR 5'!K64 -> 0
B67: 6 | C67: SUBCONTRACTS FIRST $25,000 | K67: ='YR 1'!K65+'YR 2'!K65+'YR 3'!K65+'YR 4'!K65+'YR 5'!K65 -> 0
C68: OVER $25,000 | K68: ='YR 1'!K66+'YR 2'!K66+'YR 3'!K66+'YR 4'!K66+'YR 5'!K66 -> 0
C69: TOTAL SUBCONTRACTS | K69: =K67+K68 -> 0
B70: 7 | C70: DATA MANAGEMENT AND SHARING COSTS (NIH) | K70: ='YR 1'!K68+'YR 2'!K68+'YR 3'!K68+'YR 4'!K68+'YR 5'!K68 -> 0
B71: 8 | C71: GRADUATE STUDENT TUITION AND HEALTH INSURANCE | K71: ='YR 1'!K69+'YR 2'!K69+'YR 3'!K69+'YR 4'!K69+'YR 5'!K69 -> 0
C72: TOTAL OTHER DIRECT COSTS | K72: =SUM(K62:K71)-K69 -> 0
A73: H. | B73: TOTAL DIRECT COSTS (A THROUGH G) | K73: =K41+K50+K54+K60+K72 -> 0
A74: I. | B74: INDIRECT COSTS (SPECIFY RATE AND BASE)
B75: MTDC | D75: =Rates!B30 -> 0.49 | F75: =K73-K50-K60-K71-K68 -> 0 | G75: ='YR 1'!F73+'YR 2'!F73+'YR 3'!F73+'YR 4'!F73+'YR 5'!F73 -> 0 | K75: ='YR 1'!K73+'YR 2'!K73+'YR 3'!K73+'YR 4'!K73+'YR 5'!K73 -> 0
B76: TOTAL INDIRECT COSTS | K76: =K75 -> 0
A77: J. | B77: TOTAL DIRECT AND INDIRECT COSTS (H+I) | K77: =K73+K76 -> 0
A78: K. | B78: AMOUNT OF ANY REQUIRED COST SHARING FROM NON-FEDERAL SOURCES
A79: L. | B79: TOTAL COST OF PROJECT (J+K) | K79: =K77+K78 -> 0 | L79: ='YR 1'!K77+'YR 2'!K77+'YR 3'!K77+'YR 4'!K77+'YR 5'!K77 -> 0
E81: If the IDC do not match, you have a mistake somewhere.
E82: If the TOTALS do not match, you have a mistake somewhere.
